 Dungeon Crawl Stone Soup version 0.23-a0-519-ga799fc4 (webtiles) character file.

1071827 galech the Hoplite (level 27, 0/200 (219) HPs)
             Began as a Demonspawn Fighter on Dec 5, 2018.
             Was the Champion of Okawaru.
             Killed by the effects of Hell (10 damage)
             ... on level 7 of the Iron City of Dis on Dec 6, 2018.
             The game lasted 04:15:19 (105535 turns).

galech the Hoplite (Demonspawn Fighter)           Turns: 105535, Time: 04:15:19

HP:   0/200 (219)   AC: 55    Str: 43      XL:     27
MP:   0/42          EV: 28    Int: 11 (12) God:    Okawaru [******]
Gold: 10574         SH: 33    Dex: 19 (20) Spells: 37/45 levels left

rFire    + . .     SeeInvis +   Y - +10 hand axe of Impatience {speed, +Fly MP+9 SInv}
rCold    + + .     Gourm    .   c - +2 large shield {rC+}
rNeg     + + +     Faith    +   t - +7 crystal plate armour "Ciffish" {*Drain rN++ Str+9 Int-5}
rPois    .         Spirit   +   M - +1 hat of the Onion {Str+5}
rElec    +         Reflect  .   R - scarf {Spirit}
rCorr    .         Harm     .   X - +2 pair of gloves {Str+3}
MR       +++..                  (boots unavailable)
Stlth    ..........             r - amulet "Roug Ots" {Faith rN+ Slay+3}
HPRegen  0.43/turn              G - ring "Zerphel" {rElec Str+3 Dex-2 Slay+5}
MPRegen  0.28/turn              S - ring "Pouxete" {*Contam rC+ Str+6 Int+4}

@: heroism, marked, sanguine armour, studying Stealth
A: hooves 3, blink, clever 1, demonic guardian 3, deterioration 1, fire
resistance 1, hurl damnation, frail 1, low mp 1, magic resistance 1, powered by
pain 3, electricity resistance, weak 1, flame cloud immunity, subdued magic 1,
sanguine armour 3
}: 9/15 runes: serpentine, barnacled, slimy, silver, golden, obsidian, icy,
bone, abyssal
a: Hurl Damnation, Blink, Heroism, Finesse, Renounce Religion, Evoke Flight


You were on level 7 of the Iron City of Dis.
You worshipped Okawaru.
Okawaru was exalted by your worship.
You were not hungry.

You visited 18 branches of the dungeon, and saw 86 of its levels.
You visited the Abyss 5 times.
You visited 1 bazaar.
You also visited: Ice Cave and Volcano.

You collected 13166 gold pieces.
You spent 2592 gold pieces at shops.

Inventory:

Hand Weapons
 y - the +8 hand axe of Ziwuz {speed, rC+}
   (You found it on level 5 of the Dungeon)

   Attacks with this weapon are significantly faster.
   It protects you from cold.
 E - the +14 obsidian axe {chop, +Fly SInv *Curse}
   (You found it on level 7 of Tartarus)

   It inflicts extra damage upon your enemies.
   It lets you see invisible.
   It lets you fly.
   It curses itself when equipped.
 Y - the +10 hand axe of Impatience (weapon) {speed, +Fly MP+9 SInv}
   (Okawaru gifted it to you on level 7 of Gehenna)

   Attacks with this weapon are significantly faster.
   It affects your magic capacity (+9).
   It lets you see invisible.
   It lets you fly.
Armour
 c - a +2 large shield of cold resistance (worn)
 k - a +2 helmet of see invisible
 t - the +7 crystal plate armour "Ciffish" (worn) {*Drain rN++ Str+9 Int-5}
   (Okawaru gifted it to you on level 2 of the Shoals)

   It affects your strength (+9).
   It affects your intelligence (-5).
   It greatly protects you from negative energy.
   It causes draining when unequipped.
 F - the +2 ratskin cloak {+Rats rPois rN+ Str-1 Int-1 Dex+1}
   (You found it on level 4 of the Vaults)

   It affects your strength (-1).
   It affects your intelligence (-1).
   It affects your dexterity (+1).
   It protects you from poison.
   It protects you from negative energy.
 M - the +1 hat of the Onion (worn) {Str+5}
   (Okawaru gifted it to you on level 3 of the Elven Halls)

   It affects your strength (+5).
 R - a scarf of spirit shield (worn)
 V - the +0 hat of the Orb Guardian {-Tele rN++ Int+2 Stlth+}
   (Okawaru gifted it to you on level 14 of the Dungeon)

   It affects your intelligence (+2).
   It greatly protects you from negative energy.
   It prevents most forms of teleportation.
   It makes you more stealthy.
 X - a +2 pair of gloves of strength (worn)
Jewellery
 p - the ring of Ceaf {+Inv rN+ Int+2}
   (You took it off a spriggan berserker on level 3 of the Depths)

   [ring of positive energy]

   It affects your intelligence (+2).
   It protects you from negative energy.
   It lets you turn invisible.
 r - the amulet "Roug Ots" (around neck) {Faith rN+ Slay+3}
   (You found it on level 7 of Gehenna)

   [amulet of faith]

   It allows you to gain divine favour quickly.
   It affects your accuracy and damage with ranged weapons and melee attacks
   (+3).
   It protects you from negative energy.
 x - an uncursed ring of fire
 D - the amulet "Gadiexiu" {RegenMP rC+ MR+ Str+4 Dex+6}
   (You found it on level 2 of the Depths)

   [amulet of magic regeneration]

   It increases your magic regeneration.
   It affects your strength (+4).
   It affects your dexterity (+6).
   It protects you from cold.
   It affects your resistance to hostile enchantments.
 G - the ring "Zerphel" (left hand) {rElec Str+3 Dex-2 Slay+5}
   (You found it on level 4 of the Depths)

   [ring of strength]

   It affects your strength (+3).
   It affects your dexterity (-2).
   It affects your accuracy and damage with ranged weapons and melee attacks
   (+5).
   It insulates you from electricity.
 K - the ring "Zaugypej" {rPois rF+ Int-3 Dex+3}
   (You acquired it on level 2 of the Depths)

   [ring of poison resistance]

   It affects your intelligence (-3).
   It affects your dexterity (+3).
   It protects you from fire.
   It protects you from poison.
 O - an uncursed ring of resist corrosion
 P - an uncursed ring of ice
 S - the ring "Pouxete" (right hand) {*Contam rC+ Str+6 Int+4}
   (You found it on level 5 of the Vaults)

   [ring of protection from cold]

   It affects your strength (+6).
   It affects your intelligence (+4).
   It protects you from cold.
   It causes magical contamination when unequipped.
 U - a +4 ring of intelligence
 Z - a +6 ring of evasion
Wands
 i - a wand of digging (30)
Scrolls
 a - 5 scrolls of silence
 h - 33 scrolls of remove curse
 m - 19 scrolls of teleportation
 s - 6 scrolls of magic mapping
 u - 16 scrolls of fear
 w - 16 scrolls of identify
 B - 6 scrolls of fog
 H - 4 scrolls of blinking
 J - 3 scrolls of enchant weapon
 T - 6 scrolls of enchant armour
Potions
 d - 7 potions of might
 e - 2 potions of invisibility
 j - 14 potions of agility
 l - 5 potions of heal wounds
 n - 26 potions of curing
 q - 4 potions of magic
 v - 4 potions of cancellation
 z - 4 potions of flight
 C - 18 potions of brilliance
 I - 5 potions of ambrosia
 L - a potion of haste
 N - 7 potions of resistance
 Q - 2 potions of berserk rage
 W - a potion of mutation
Books
 o - a manual of Stealth
Miscellaneous
 b - a figurine of a ziggurat
 g - the horn of Geryon
Comestibles
 f - 73 rations
 A - 2 chunks of flesh


   Skills:
 + Level 25.7(27) Fighting
 + Level 25.4(27) Axes
 + Level 24.0(27) Armour
 + Level 20.9(25.9) Dodging
 - Level 6.0(11.0) Stealth
 + Level 26.0(27) Shields
 - Level 9.9 Spellcasting
 - Level 13.6 Translocations
 - Level 5.5 Invocations


You had 37 spell levels left.
You knew the following spells:

 Your Spells              Type           Power        Failure   Level  Hunger
a - Controlled Blink      Tloc           N/A          100%        8    #######

Your spell library contained the following spells:

 Spells                   Type           Power        Failure   Level  Hunger
 Apportation              Tloc           ####..       1%          1    None
 Blink                    Tloc           N/A          1%          2    None
 Gell's Gravitas          Tloc           ####......   1%          3    ##.....
 Lesser Beckoning         Tloc           ####......   1%          3    ##.....
 Teleport Other           Tloc           ####....     1%          3    ##.....
 Passage of Golubria      Tloc           N/A          1%          4    ####...
 Shroud of Golubria       Chrm/Tloc      ###.......   2%          2    None
 Portal Projectile        Hex/Tloc       ###...       6%          3    ##.....
 Recall                   Summ/Tloc      N/A          6%          3    ##.....
 Dispersal                Tloc           ####......   21%         6    #######
 Force Lance              Conj/Tloc      ###.....     22%         4    ####...
 Animate Skeleton         Necr           N/A          34%         1    None
 Beastly Appendage        Tmut           #.....       34%         1    None
 Confusing Touch          Hex            #.....       34%         1    None
 Corona                   Hex            #......      34%         1    None
 Flame Tongue             Conj/Fire      #....        34%         1    None
 Freeze                   Ice            #...         34%         1    None
 Infusion                 Chrm           #...         34%         1    None
 Magic Dart               Conj           #...         34%         1    None
 Pain                     Necr           #...         34%         1    None
 Sandblast                Erth           #.....       34%         1    None
 Shock                    Conj/Air       #...         34%         1    None
 Sting                    Conj/Pois      #...         34%         1    None
 Summon Small Mammal      Summ           #...         34%         1    None
 Call Imp                 Summ           #.......     50%         2    None
 Passwall                 Tmut/Erth      #.......     50%         2    None
 Poisonous Vapours        Pois/Air       #.....       50%         2    None
 Slow                     Hex            #.......     50%         2    None
 Song of Slaying          Chrm           #.......     50%         2    None
 Sticks to Snakes         Tmut           #.......     50%         2    None
 Sublimation of Blood     Necr           #.........   50%         2    None
 Swiftness                Chrm/Air       #.......     50%         2    None
 Throw Flame              Conj/Fire      #.....       50%         2    None
 Summon Forest            Summ/Tloc      ###.......   52%         5    #####..
 Call Canine Familiar     Summ           #.......     73%         3    ##.....
 Confuse                  Hex            #.......     73%         3    ##.....
 Conjure Flame            Conj/Fire      #.......     73%         3    ##.....
 Inner Flame              Hex/Fire       #.......     73%         3    ##.....
 Mephitic Cloud           Conj/Pois/Air  #.......     73%         3    ##.....
 Ozocubu's Armour         Chrm/Ice       #.......     73%         3    ##.....
 Regeneration             Chrm/Necr      #.........   73%         3    ##.....
 Spectral Weapon          Hex/Chrm       #.......     73%         3    ##.....
 Spider Form              Tmut/Pois      #.........   73%         3    ##.....
 Static Discharge         Conj/Air       #.......     73%         3    ##.....
 Stone Arrow              Conj/Erth      #.....       73%         3    ##.....
 Summon Guardian Golem    Hex/Summ       #.......     73%         3    ##.....
 Tukima's Dance           Hex            #.......     73%         3    ##.....
 Vampiric Draining        Necr           #.........   73%         3    ##.....
 Airstrike                Air            #.........   98%         4    ####...
 Animate Dead             Necr           N/A          98%         4    ####...
 Cause Fear               Hex            #.........   98%         4    ####...
 Fulminant Prism          Conj/Hex       #.........   98%         4    ####...
 Ice Form                 Ice/Tmut       #.......     98%         4    ####...
 Leda's Liquefaction      Hex/Erth       #.........   98%         4    ####...
 Olgreb's Toxic Radiance  Pois           #.......     98%         4    ####...
 Petrify                  Tmut/Erth      #.......     98%         4    ####...
 Sticky Flame             Conj/Fire      #.......     98%         4    ####...
 Summon Ice Beast         Ice/Summ       #.......     98%         4    ####...
 Summon Lightning Spire   Summ/Air       #.......     98%         4    ####...
 Alistair's Intoxication  Tmut/Pois      #.......     100%        5    #####..
 Aura of Abjuration       Summ           #.........   100%        5    #####..
 Blade Hands              Tmut           #.........   100%        5    #####..
 Bolt of Magma            Conj/Fire/Erth #.........   100%        5    #####..
 Borgnjor's Vile Clutch   Necr/Erth      #.........   100%        5    #####..
 Fireball                 Conj/Fire      #.........   100%        5    #####..
 Irradiate                Conj/Tmut      #.........   100%        5    #####..
 Iskenderun's Battlesphe  Conj/Chrm      #.......     100%        5    #####..
 Lee's Rapid Deconstruct  Erth           #.........   100%        5    #####..
 Lightning Bolt           Conj/Air       #.........   100%        5    #####..
 Metabolic Englaciation   Hex/Ice        #.........   100%        5    #####..
 Silence                  Hex/Air        #.........   100%        5    #####..
 Summon Demon             Summ           #.........   100%        5    #####..
 Summon Mana Viper        Hex/Summ       #.......     100%        5    #####..
 Venom Bolt               Conj/Pois      #.........   100%        5    #####..
 Yara's Violent Unravell  Hex/Tmut       #.........   100%        5    #####..
 Conjure Ball Lightning   Conj/Air       #.........   100%        6    #######
 Darkness                 Hex            #.........   100%        6    #######
 Death Channel            Necr           #.........   100%        6    #######
 Freezing Cloud           Conj/Ice/Air   #.........   100%        6    #######
 Hydra Form               Tmut           #.........   100%        6    #######
 Iron Shot                Conj/Erth      #.........   100%        6    #######
 Shadow Creatures         Summ           N/A          100%        6    #######
 Simulacrum               Ice/Necr       #.........   100%        6    #######
 Statue Form              Tmut/Erth      #........    100%        6    #######
 Dragon Form              Tmut           #.........   100%        7    #######
 Malign Gateway           Summ/Tloc      ###.......   100%        7    #######
 Ring of Flames           Chrm/Fire      #.........   100%        7    #######
 Discord                  Hex            #.........   100%        8    #######
 Disjunction              Tloc           ####......   100%        8    #######
 Ignition                 Fire           #.........   100%        8    #######
 Shatter                  Erth           #.........   100%        9    #######
 Tornado                  Air            #.........   100%        9    #######


Dungeon Overview and Level Annotations

Branches:
Dungeon (15/15)            Temple (1/1) D:5            Lair (6/6) D:9
 Shoals (4/4) Lair:2        Snake (4/4) Lair:2        Slime (5/5) Lair:5
    Orc (2/2) D:12            Elf (3/3) Orc:2        Vaults (5/5) D:14
  Crypt (3/3) Vaults:2       Tomb (3/3) Crypt:3      Depths (5/5) D:15
   Hell (1/1)                 Dis (7/7) Hell            Geh (7/7) Hell
    Coc (7/7) Hell            Tar (7/7) Hell            Zot (1/5) Depths:5

Altars:
Elyvilon
Fedhas
Hepliaklqana
Kikubaaqudgha
Nemelex Xobeh
Okawaru
Sif Muna
Trog
Xom
Beogh
Jiyva

Shops:
D:5 *   D:6 **?   D:11 (   Orc:2 !}%(   Elf:1 %   Vaults:1 *   Vaults:3 *
Depths:1 ==}   Depths:4 }[:

Portals:
Hell: Depths:1 Depths:2 Depths:3 Depths:4 Depths:5
Abyss: Depths:1 Depths:4
Pandemonium: Orc:2 Depths:1 Depths:3 Depths:5
Ziggurat: Depths:1

Annotations:
Depths:2 3 runed doors


Innate Abilities, Weirdness & Mutations

You have hooves in place of feet.
A powerful demonic guardian rushes to your aid.
Your flesh is heat resistant. (rF+)
You can hurl damnation.
You are powered by pain.
You are immune to clouds of flame.
When seriously injured, your bleeding wounds create very thick armour. (AC +12)
You can translocate small distances at will.
Your mind is acute. (Int +2)
Your body sometimes deteriorates upon taking damage.
You are frail. (-10% HP)
Your magical capacity is low. (-10% MP)
You are resistant to hostile enchantments. (MR+)
You are resistant to electric shocks. (rElec)
You are weak. (Str -2)
Your spells are a little easier to cast, but a little less powerful.


Message History

Your Executioner hits the tormentor!!
Your Executioner hits the tormentor but does no damage. x2
The tormentor completely misses your Executioner.
The tormentor misses your Executioner. You block the Hell Sentinel's attack.
The Hell Sentinel completely misses you.
Your Executioner hits the tormentor!
The tormentor dies!
Okawaru accepts your kill. The Hell Sentinel gestures at you.
The sphere of damnation explodes!
The damnation engulfs you!
* * * LOW HITPOINT WARNING * * *
Your Executioner gestures.
Your Executioner seems to speed up.
The Hell Sentinel gestures at you.
The sphere of damnation explodes!
The damnation engulfs you!
* * * LOW HITPOINT WARNING * * *
Your body deteriorates!
You feel dopey. "You will not leave this place."
You are hit by flying rocks!
You die...

''''##''''# .........D#
..........# ....D.....#
..........# ..........#
..........#
++++##''19###################
........11.@................
#...........................
#..####.........####∩.......
#.. #.........# #......## #.
#.........# #......# #
#.........# #......#
...........# #......#
#########..####......#
#............#


You could see 2 Hell Sentinels, a war gargoyle and a friendly Executioner.

Vanquished Creatures
  Asmodeus (Geh:7)
  the Royal Jelly (Slime:5)
  the Serpent of Hell (Geh:7)
  8 ancient liches
  Khufu (Crypt:1)
  A juggernaut (Depths:4)
  Mennas (Depths:4)
  Mara (Crypt:1)
  33 greater mummies
  Boris (twice) (Vaults:2 Vaults:4)
  13 shard shrikes
  Bai Suzhen (Crypt:2)
  Saint Roka (Depths:5)
  Margery (Depths:2)
  5 caustic shrikes
  A golden dragon (Depths:5)
  Jory (Vaults:5)
  Geryon (Hell)
  14 bone dragons
  25 Brimstone Fiends
  25 Tzitzimimeh
  An iron giant (Dis:4)
  A profane servitor (Abyss:2)
  8 doom hounds
  A hellephant (Abyss:5)
  7 tentacled monstrosities
  13 Ice Fiends
  A Hell Sentinel (Dis:3)
  2 deep elf blademasters
  A kraken (Shoals:3)
  12 acid blobs
  10 liches
  8 eldritch tentacles
  4 quicksilver dragons
  Polyphemus (Shoals:4)
  An Executioner (Abyss:2)
  8 titans
  11 ancient champions
  Frances (Shoals:1)
  11 sphinxes
  The ghost of Lufyqa Hiru the Impaler, an adept MfIE of Makhleb (Snake:3)
  7 storm dragons
  Kirke (Shoals:1)
  11 tengu reavers
  11 tentacled starspawn
  Roxanne (Shoals:2)
  A daeva (Abyss:5)
  10 nagarajas
  25 shadow dragons
  4 revenants
  14 frost giants
  A ghost moth (Abyss:5)
  4 deep elf sorcerers
  11 azure jellies
  5 iron dragons
  A draconian knight (Depths:5)
  5 fire giants
  Ilsuiw (Shoals:2)
  12 vault wardens
  15 balrugs
  A caustic shrike zombie (Depths:2)
  Aizul (Crypt:1)
  A juggernaut zombie (Hell)
  3 deep elf elementalists
  18 very ugly things
  An angel (Abyss:5)
  A draconian scorcher (Abyss:1)
  4 ghouls (Crypt:2)
  6 curse skulls
  5 war gargoyles
  A draconian stormcaller (Depths:5)
  4 elemental wellsprings
  15 ironheart preservers
  An entropy weaver (Vaults:2)
  40 reapers
  A green draconian (Vaults:2)
  3 spriggan defenders (Depths:3)
  7 vampire knights
  14 stone giants
  15 bennus
  A grey draconian (Depths:5)
  9 deep elf demonologists
  2 yellow draconians (Depths:5)
  4 starcursed masses
  A black draconian (Depths:5)
  A lorocyproca (Abyss:5)
  12 deep elf annihilators
  A purple draconian (Vaults:2)
  A spark wasp (Depths:3)
  2 white draconians
  18 ettins
  4 eidola
  7 merfolk javelineers
  3 quicksilver dragon zombies
  7 deep elf death magi
  18 blizzard demons
  6 green deaths
  2 jiangshi (D:15)
  18 mummy priests
  13 merfolk impalers
  4 kraken zombies
  9 fire dragons
  Josephine (D:12)
  5 death oozes (Slime:5)
  15 ogre magi
  4 quicksilver dragon skeletons
  17 yaktaur captains
  9 deep elf high priests
  37 ice dragons
  6 rakshasas
  17 naga warriors
  18 great orbs of eyes
  4 spriggan air magi
  31 vault guards
  3 catoblepae
  A monstrous demonspawn (Depths:1)
  5 centaur warriors
  A ghost crab (Tar:4)
  A juggernaut simulacrum (Depths:2)
  9 merfolk aquamancers
  5 hydras
  A hell beast (Tar:4)
  A merfolk avatar (Shoals:2)
  8 anacondas
  3 death knights
  49 death scarabs
  4 death yaks
  10 tengu warriors
  39 two-headed ogres
  6 deep troll earth magi
  23 thrashing horrors
  5 titan zombies
  5 vampire magi
  5 deep troll shamans
  47 hell hogs
  30 dancing weapons
  6 shock serpents
  8 orc high priests
  8 storm dragon zombies
  12 naga sharpshooters
  2 spriggan berserkers
  32 deep elf knights
  22 sun demons
  13 iron golems
  3 salamander mystics
  6 wretched stars
  7 iron trolls
  20 soul eaters
  A spatial maelstrom (Abyss:2)
  22 small abominations
  A sixfirhy (Abyss:5)
  5 golden dragon zombies
  14 titan skeletons
  89 skeletal warriors
  21 shadow wraiths
  A spark wasp zombie (Hell)
  53 hell knights
  6 storm dragon skeletons
  16 sea snakes
  A quicksilver dragon simulacrum (Coc:7)
  5 wizards
  16 deep elf archers
  9 anaconda zombies
  2 unseen horrors
  7 ghost moth zombies
  3 glowing orange brains
  25 deep trolls
  An infernal demonspawn (Depths:5)
  A torturous demonspawn (Orc:2)
  An unseen horror (shapeshifter) (D:14)
  20 flayed ghosts
  18 shadow demons
  A swamp dragon (shapeshifter) (Elf:1)
  8 naga ritualists
  24 phantasmal warriors
  9 shadow dragon zombies
  69 deep elf magi
  A golden dragon skeleton (Tar:2)
  A lindwurm (D:14)
  8 anaconda skeletons
  A sphinx zombie (Depths:3)
  27 harpies
  17 necromancers
  A harpy (shapeshifter) (D:14)
  13 ironbrand convokers
  An orb spider (shapeshifter) (Depths:1)
  6 shining eyes
  10 frost giant zombies
  7 mana vipers
  10 cyclopes
  A manticore (shapeshifter) (Vaults:5)
  22 orc knights
  8 iron dragon zombies
  5 wolf spider zombies
  26 ugly things
  10 orc sorcerers
  12 manticores
  12 stone giant zombies
  An oklob plant (Lair:6)
  7 salamanders
  7 fire giant zombies
  4 fauns
  4 elephants (Lair:6)
  5 shadow dragon skeletons
  5 iron dragon skeletons
  33 black mambas
  38 rust devils
  6 dire elephant zombies
  10 stone giant skeletons
  A worldbinder (Abyss:5)
  A black mamba (shapeshifter) (Depths:5)
  2 guardian serpents (shapeshifter)
  16 naga magi
  21 fire giant skeletons
  5 ice statues
  2 centaur zombies
  Psyche (D:8)
  3 eyes of devastation
  12 vault sentinels
  8 guardian serpents
  8 merfolk sirens
  A torpor snail (shapeshifter) (Depths:2)
  8 water nymphs
  3 frost giant skeletons
  5 orange demons
  A storm dragon simulacrum (Coc:7)
  2 shock serpent skeletons
  2 centaur skeletons
  13 molten gargoyles
  9 gargoyles
  9 smoke demons
  9 spiny frogs
  2 emperor scorpion zombies
  6 efreet
  An anaconda simulacrum (Hell)
  6 hellwings
  2 catoblepas zombies
  A yaktaur (shapeshifter) (Vaults:3)
  34 hellions
  4 spriggan zombies
  6 rime drakes
  44 tormentors
  8 dire elephant skeletons
  36 ice devils
  A catoblepas skeleton (Geh:6)
  40 guardian mummies
  7 komodo dragons
  3 demonic crawlers (Hell)
  32 red devils
  48 freezing wraiths
  A polar bear (shapeshifter) (Vaults:3)
  51 yaktaurs
  11 hydra zombies
  14 ancient zymes
  2 silent spectres
  2 golden dragon simulacra (Depths:3)
  A jumping spider (shapeshifter) (Vaults:3)
  26 merfolk
  3 tengu conjurers
  A meliai (shapeshifter) (Vaults:1)
  5 harpy zombies
  6 trolls
  5 ice dragon zombies
  A merfolk (shapeshifter) (Vaults:4)
  A troll (shapeshifter) (Vaults:1)
  A shadow dragon simulacrum (Vaults:5)
  2 hornets
  2 minotaur skeletons
  2 wolf spider simulacra
  A wind drake (Shoals:4)
  A hornet (shapeshifter) (Vaults:2)
  2 polar bears
  3 dream sheep (shapeshifter)
  4 harpy skeletons
  77 slime creatures
  12 blink frogs
  8 hydra skeletons
  5 bog bodies
  Grinder (D:3)
  11 raiju
  A fire giant simulacrum (Abyss:2)
  8 snapping turtles
  8 ettin zombies
  6 fire dragon zombies
  28 large abominations
  9 alligator zombies
  11 hippogriffs
  Sigmund (D:2)
  6 ettin skeletons
  A stone giant simulacrum (Coc:6)
  A snapping turtle (shapeshifter) (Vaults:5)
  2 air elementals (Elf:3)
  147 flying skulls
  3 alligator skeletons
  A tarantella (shapeshifter) (Vaults:5)
  11 fire dragon skeletons
  2 redbacks (Depths:3)
  39 shadows
  24 ushabtiu
  3 black mamba zombies
  41 wraiths
  4 ice dragon skeletons
  6 ynoxinuls
  39 water elementals
  13 wyverns
  22 fire elementals
  6 black mamba skeletons
  7 golden eyes
  10 hogs
  An elf simulacrum (Vaults:5)
  4 basilisks
  6 neqoxecs (Abyss:5)
  A human (D:8)
  2 fire bats (Geh:1)
  16 yaks
  9 vampire mosquitoes (D:14)
  An emperor scorpion simulacrum (Tar:4)
  2 golden eyes (shapeshifter)
  8 hungry ghosts
  A death yak simulacrum (IceCv)
  5 chaos spawn
  58 nagas
  4 spatial vortices
  3 tengu zombies
  12 wargs
  3 human zombies
  2 soldier ants (shapeshifter)
  5 acid dragons
  5 spiny frog zombies
  20 water moccasins
  2 floating eyes
  2 hydra simulacra
  9 porcupines
  A monstrous demonspawn zombie (Geh:7)
  75 hell hounds
  A water nymph skeleton (Crypt:1)
  7 snapping turtle zombies
  2 sky beasts
  A spiny frog skeleton (Tar:5)
  2 swamp dragon zombies
  An eye of draining (shapeshifter) (Depths:1)
  48 orc warriors
  13 ice beasts
  2 black bears (Lair:6)
  A black bear (shapeshifter) (Vaults:4)
  2 manticore zombies
  9 phantoms
  A hornet zombie (D:10)
  43 ogres
  27 necrophages
  An alligator simulacrum (Coc:5)
  A fire dragon simulacrum (Coc:7)
  6 wolves
  7 boggarts
  3 eyes of draining
  2 ettin simulacra
  15 crocodiles
  2 manticore skeletons
  13 centaurs
  2 snapping turtle skeletons (Geh:6)
  2 elf zombies
  4 big kobolds
  12 bullfrogs
  A gnoll sergeant (D:7)
  An elf skeleton (Geh:7)
  A wyvern zombie (D:14)
  5 earth elementals
  Dowan (D:6)
  A water moccasin zombie (D:8)
  2 spiny frog simulacra
  A warg zombie (Crypt:1)
  A yak zombie (Crypt:2)
  A scorpion (D:8)
  A swamp dragon simulacrum (IceCv)
  2 human simulacra
  A troll zombie (Geh:7)
  A killer bee (D:7)
  A raiju zombie (Crypt:2)
  80 wights
  2 spriggan skeletons
  A troll skeleton (Geh:4)
  3 howler monkeys
  4 electric eels
  12 crimson imps
  2 bullfrog zombies
  3 quasits
  3 draconian simulacra (IceCv)
  A basilisk zombie (Crypt:1)
  A jelly (D:5)
  42 orc priests
  2 bullfrog skeletons
  4 hounds
  4 human skeletons
  Crazy Yiuf (D:2)
  A gnoll shaman (Orc:2)
  40 iron imps
  2 iguanas
  37 orc wizards
  7 hell rats (Hell)
  8 troll simulacra (IceCv)
  7 worker ants
  A polar bear simulacrum (IceCv)
  2 spriggan simulacra (IceCv)
  A wolf simulacrum (IceCv)
  A killer bee zombie (D:9)
  2 naga zombies
  A centaur simulacrum (IceCv)
  A naga skeleton (Geh:4)
  A tengu skeleton (Coc:7)
  A demigod skeleton (Crypt:2)
  A crocodile skeleton (Crypt:2)
  A hound skeleton (D:4)
  46 mummies
  6 gnolls
  A worker ant zombie (D:7)
  17 adders
  An ogre simulacrum (IceCv)
  A swamp drake zombie (Crypt:1)
  3 naga simulacra (IceCv)
  15 shadow imps
  21 white imps
  3 ufetubi
  2 oozes
  An adder zombie (D:6)
  2 adder skeletons
  6 worms
  A barachi zombie (Crypt:1)
  A dart slug (D:2)
  6 leopard geckos
  125 orcs
  2 ball pythons
  9 bats
  4 giant cockroaches
  5 goblins
  4 hobgoblins
  8 jackals
  19 kobolds
  6 quokkas
  A ball python skeleton (Crypt:2)
  5 frilled lizards
  A leopard gecko skeleton (D:5)
  An orc zombie (Dis:3)
  A quokka skeleton (D:7)
  A quokka zombie (D:7)
  21 rats
  2 crawling corpses (Elf:3)
  4 fire vortices
  3 fungi
  2 plants
  7 starspawn tentacles
  9 tentacles
4304 creatures vanquished.

Vanquished Creatures (collateral kills)
  Antaeus (Coc:7)
  Ereshkigal (Tar:7)
  A juggernaut (Depths:5)
  A greater mummy (Tomb:1)
  2 shard shrikes
  The ghost of Dustman the Executioner, an adept HOGl of Makhleb (Depths:5)
  A bone dragon (Tar:7)
  3 liches
  2 Tzitzimimeh (Tar:7)
  Rupert (D:15)
  2 acid blobs
  A deep elf blademaster (Elf:3)
  A tentacled starspawn (Abyss:2)
  A shadow dragon (Tar:7)
  3 azure jellies
  A revenant (Hell)
  2 deep elf sorcerers (Elf:3)
  A nagaraja (Snake:4)
  A fire giant (Depths:4)
  3 frost giants
  A vault warden (Vaults:2)
  3 reapers (Tar:7)
  4 very ugly things
  2 deep elf elementalists
  4 stone giants
  A vampire knight (Depths:4)
  A grey draconian (Depths:5)
  3 deep elf annihilators
  A white draconian (Depths:5)
  2 spark wasps (Depths:5)
  A black draconian (Depths:5)
  A death ooze (Slime:5)
  2 deep elf death magi
  3 yaktaur captains
  A mummy priest (Tomb:1)
  A deep elf high priest (Elf:3)
  4 ice dragons
  A fire dragon (Lair:5)
  A vault guard (Vaults:5)
  5 hydras
  A centaur warrior (D:15)
  A two-headed ogre (Vaults:5)
  A death yak (Shoals:4)
  A titan zombie (Geh:2)
  4 deep troll shamans
  2 orc high priests
  3 hell hogs
  2 hell knights
  7 deep elf knights
  3 iron trolls
  A sun demon (Hell)
  2 soul eaters (Hell)
  5 skeletal warriors
  A golden dragon zombie (Geh:7)
  A shadow demon (Tar:7)
  An infernal demonspawn (Orc:2)
  A spark wasp zombie (Hell)
  An anaconda zombie (Geh:7)
  3 flayed ghosts
  3 deep trolls
  7 deep elf archers
  3 wizards
  An orb spider (Depths:3)
  Pikel (D:6)
  An anaconda skeleton (Geh:6)
  12 deep elf magi
  2 oklob plants (Lair:6)
  A frost giant zombie (Geh:6)
  An orc sorcerer (Vaults:1)
  2 shadow dragon skeletons
  5 ugly things
  2 elephants (Lair:6)
  A cyclops (Shoals:2)
  A frost giant skeleton (Geh:1)
  A fire giant skeleton (Geh:1)
  A naga mage (Snake:4)
  2 black mambas
  Maurice (D:9)
  3 smoke demons
  2 stone giant skeletons
  A molten gargoyle (Geh:7)
  5 spiny frogs
  A yaktaur zombie (Hell)
  10 yaktaurs
  4 freezing wraiths
  4 rime drakes
  4 red devils
  A tormentor (Dis:7)
  An ice devil (Coc:7)
  A harpy zombie (Geh:6)
  2 komodo dragons
  A catoblepas skeleton (Geh:6)
  A merfolk (Shoals:4)
  A hydra skeleton (Geh:4)
  A raiju (Abyss:5)
  8 slime creatures
  A harpy skeleton (Geh:7)
  A deep troll zombie (Hell)
  6 blink frogs
  3 dream sheep (Shoals:2)
  2 fire dragon zombies
  3 hippogriffs
  A spriggan zombie (Depths:2)
  5 flying skulls
  5 water elementals
  3 wyverns
  A fire dragon skeleton (Geh:7)
  8 yaks
  A tarantella (shapeshifter) (Depths:3)
  An ice dragon skeleton (Tar:7)
  3 wraiths
  A hog (D:8)
  A basilisk (Lair:6)
  A fire elemental (Geh:1)
  3 nagas (Snake:4)
  Edmund (D:6)
  4 water moccasins
  Duvessa (D:6)
  A hell hound (Geh:4)
  2 ice beasts
  A black bear (D:7)
  12 orc warriors
  An elf simulacrum (Depths:2)
  2 necrophages
  2 boggarts (Vaults:2)
  A snapping turtle skeleton (Geh:5)
  3 wolves (Lair:2)
  2 centaurs
  2 ogres
  A manticore skeleton (Geh:4)
  A crocodile (Lair:2)
  An earth elemental (Depths:3)
  A gnoll sergeant (D:7)
  2 wights (Geh:1)
  4 killer bees (D:7)
  2 howler monkeys
  A starcursed mass (Abyss:5)
  A draconian simulacrum (IceCv)
  3 orc priests
  An orc wizard (Orc:2)
  A human skeleton (Geh:1)
  A worker ant (D:8)
  2 mummies
  2 gnolls (D:3)
  A naga simulacrum (IceCv)
  A shadow imp (D:6)
  An adder zombie (D:8)
  A dart slug (D:2)
  5 orcs
  4 jackals (D:3)
  A ball python (D:3)
  2 rats (D:3)
  A plant (Lair:1)
  A starspawn tentacle (Abyss:2)
339 creatures vanquished.

Vanquished Creatures (others)
  An ancient champion (Tomb:2)
  A lich (Tomb:2)
  A revenant (Tomb:2)
  2 elemental wellsprings (Coc:7)
  A bennu (Tomb:2)
  A black draconian (Abyss:5)
  2 deep elf annihilators (Elf:3)
  2 centaur warriors (Depths:3)
  A death knight (Abyss:5)
  8 death scarabs
  2 hell hogs
  A deep elf knight (Elf:2)
  A salamander mystic (Snake:4)
  2 skeletal warriors (Tomb:2)
  A shadow wraith (Abyss:5)
  A flayed ghost (Abyss:5)
  A deep elf archer (Elf:2)
  A tengu zombie (Hell)
  2 phantasmal warriors (Abyss:5)
  A stone giant zombie (Tomb:2)
  A worldbinder (Abyss:5)
  2 smoke demons (Abyss:5)
  A dire elephant skeleton (Tomb:3)
  A naga mage (Snake:4)
  2 yaktaurs
  A hellion (Abyss:2)
  A guardian mummy (Tomb:2)
  An ancient zyme (Abyss:5)
  A hydra skeleton (Geh:5)
  6 raiju (Abyss:5)
  15 flying skulls
  A shadow (Dis:2)
  A wraith (Geh:7)
  4 small abominations (Abyss:5)
  A water elemental (Shoals:3)
  A golden eye (Abyss:5)
  4 chaos spawn (Abyss:5)
  A neqoxec (Abyss:5)
  A naga (Snake:4)
  A hell hound (Dis:3)
  2 large abominations (Abyss:5)
  A necrophage (Geh:4)
  An orc warrior (Vaults:5)
  A human simulacrum (Abyss:5)
  16 mummies
  A worker ant zombie (D:6)
  A bush (Lair:4)
  5 fungi
  2 lurking horrors
  25 plants
  19 starspawn tentacles
  23 tentacles
177 creatures vanquished.

Grand Total: 4820 creatures vanquished

Notes
Turn   | Place    | Note
-------+----------+-------------------------------------------
     0 | D:1      | galech the Demonspawn Fighter began the quest for the Orb.
     0 | D:1      | Reached XP level 1. HP: 18/18 MP: 1/1
   793 | D:2      | Gained mutation: A weak demonic guardian rushes to your
                  | aid. [demonic ancestry]
   793 | D:2      | Reached XP level 2. HP: 24/24 MP: 2/2
   824 | D:2      | Reached skill level 3 in Shields
   989 | D:2      | Found a deep blue altar of Sif Muna.
  1170 | D:2      | Gained mutation: You have large cloven feet. [demonic
                  | ancestry]
  1170 | D:2      | Reached XP level 3. HP: 8/29 MP: 3/3
  1443 | D:2      | Noticed Sigmund
  1455 | D:2      | Killed Sigmund
  1455 | D:2      | Gained mutation: When seriously injured, your bleeding
                  | wounds create armour. (AC +12) [demonic ancestry]
  1455 | D:2      | Reached XP level 4. HP: 35/35 MP: 4/4
  1455 | D:2      | Gained mutation: A demonic guardian rushes to your aid.
                  | [demonic ancestry]
  1455 | D:2      | Reached XP level 5. HP: 41/41 MP: 5/5
  1646 | D:2      | Found a bloodstained altar of Trog.
  1801 | D:2      | Found a runed door.
  1883 | D:2      | Noticed Crazy Yiuf
  1890 | D:2      | Killed Crazy Yiuf
  2220 | D:3      | Noticed an ice beast
  2227 | D:3      | Killed an ice beast
  2227 | D:3      | Reached XP level 6. HP: 24/48 MP: 6/6
  2577 | D:3      | Noticed Grinder
  2590 | D:3      | Killed Grinder
  2590 | D:3      | Reached skill level 5 in Axes
  2590 | D:3      | Reached skill level 1 in Dodging
  2590 | D:3      | Reached XP level 7. HP: 18/54 MP: 7/7
  2911 | D:3      | You fall through a shaft for 2 floors!
  2911 | D:5      | Entered Level 5 of the Dungeon
  4257 | D:5      | Found a sparkling altar of Nemelex Xobeh.
  4269 | D:5      | Reached skill level 4 in Shields
  4552 | D:5      | Got a slimy hand axe
  4553 | D:5      | Identified the +8 hand axe of Ziwuz {speed, rC+} (You found
                  | it on level 5 of the Dungeon)
  4628 | D:5      | Gained mutation: When seriously injured, your bleeding
                  | wounds create thick armour. (AC +12) [demonic ancestry]
  4628 | D:5      | Reached XP level 8. HP: 58/61 MP: 8/8
  4629 | D:5      | Found Bucweaw's General Store.
  4652 | D:5      | Bought a scroll of identify for 30 gold pieces
  5002 | D:5      | Found a staircase to the Ecumenical Temple.
  5012 | Temple   | Entered the Ecumenical Temple
  5017 | Temple   | Became a worshipper of Warmaster Okawaru
  5184 | D:6      | Found Dybbili's Magic Scroll Shop.
  5192 | D:6      | Bought a scroll of magic mapping for 49 gold pieces
  5192 | D:6      | Bought a scroll of identify for 28 gold pieces
  5192 | D:6      | Bought a scroll of magic mapping for 49 gold pieces
  5286 | D:6      | Found Asausami's Assorted Antiques.
  5292 | D:6      | Noticed Edmund
  5298 | D:6      | Reached skill level 5 in Fighting
  5304 | D:6      | Killed Edmund
  5304 | D:6      | Reached * piety under Okawaru
  5375 | D:6      | Noticed Pikel
  5378 | D:6      | Killed Pikel
  5378 | D:6      | Reached ** piety under Okawaru
  5378 | D:6      | Reached skill level 5 in Armour
  5525 | D:6      | Noticed Duvessa
  5526 | D:6      | Noticed Dowan
  5530 | D:6      | Killed Duvessa
  5530 | D:6      | Reached skill level 5 in Shields
  5540 | D:6      | Killed Dowan
  5622 | D:6      | Found Kusosch's Assorted Antiques.
  5741 | D:7      | Reached XP level 9. HP: 68/68 MP: 9/9
  5777 | D:7      | Reached *** piety under Okawaru
  6535 | D:7      | Reached **** piety under Okawaru
  6535 | D:7      | Reached skill level 6 in Shields
  6761 | D:8      | Noticed Psyche
  6769 | D:8      | Killed Psyche
  6820 | D:8      | Reached XP level 10. HP: 75/76 MP: 10/10
  6835 | D:8      | Reached ***** piety under Okawaru
  7231 | D:9      | Noticed Maurice
  7245 | D:9      | Killed Maurice
  7245 | D:9      | Received a gift from Okawaru
  7422 | D:9      | Found a staircase to the Lair.
  7882 | D:10     | Entered Level 10 of the Dungeon
  7901 | D:10     | Reached skill level 7 in Shields
  7974 | D:10     | Reached skill level 10 in Axes
  8182 | D:10     | Reached skill level 1 in Stealth
  8247 | D:10     | Was placed under penance by Okawaru
  8903 | D:11     | Noticed a two-headed ogre
  8909 | D:11     | Killed a two-headed ogre
  8909 | D:11     | Was forgiven by Okawaru
  9000 | D:11     | Found Plog's Weapon Shop.
  9016 | D:11     | Bought a +1 broad axe of flaming for 255 gold pieces
  9028 | D:11     | Reached XP level 11. HP: 71/83 MP: 11/11
  9189 | Lair:1   | Entered Level 1 of the Lair of Beasts
  9292 | Lair:1   | Reached skill level 8 in Shields
  9305 | Lair:1   | Got a pair of faintly humming boots
  9311 | Lair:1   | Identified the cursed -4 pair of boots "Tyonea" {Int+2
                  | Dex+4} (You found it on level 1 of the Lair of Beasts)
  9632 | Lair:1   | Got a faintly humming leather armour
  9643 | Lair:1   | Identified the +4 leather armour of Muttered Phrases
                  | {Str+3} (You found it on level 1 of the Lair of Beasts)
  9668 | Lair:1   | Received a gift from Okawaru
 10277 | Lair:1   | Noticed a seven-headed hydra
 10281 | Lair:1   | Killed a seven-headed hydra
 11249 | Lair:2   | Received a gift from Okawaru
 11455 | Lair:2   | Found a staircase to the Snake Pit.
 11476 | Lair:2   | Reached XP level 12. HP: 79/92 MP: 12/12
 11584 | Lair:2   | Reached skill level 9 in Shields
 11672 | Lair:2   | Found a staircase to the Shoals.
 13456 | Lair:4   | Reached ****** piety under Okawaru
 13682 | Lair:4   | Received a gift from Okawaru
 13823 | Lair:4   | Identified the Volume of Supportive Augmentations
 13895 | Lair:4   | Noticed a four-headed hydra
 13968 | Lair:4   | Reached skill level 10 in Shields
 14182 | Lair:4   | Killed a one-headed hydra
 14667 | Lair:5   | Got a shimmering golden ring
 14681 | Lair:5   | Noticed a five-headed hydra
 14685 | Lair:5   | Killed a four-headed hydra
 14685 | Lair:5   | Reached XP level 13. HP: 87/100 MP: 13/13
 14712 | Lair:5   | Identified the ring "Miepuraul" {AC+4 SInv} (You found it
                  | on level 5 of the Lair of Beasts)
 14770 | Lair:5   | Found a frozen archway.
 14896 | IceCv    | Entered an ice cave
 15212 | IceCv    | Reached skill level 5 in Dodging
 15536 | IceCv    | Found an ancient bone altar of Kikubaaqudgha.
 16650 | Lair:5   | Found a staircase to the Slime Pits.
 16651 | Lair:5   | Found a viscous altar of Jiyva.
 17150 | Lair:5   | Noticed a fire dragon
 17291 | Lair:5   | Killed a fire dragon
 17612 | Lair:6   | Entered Level 6 of the Lair of Beasts
 17620 | Lair:6   | Received a gift from Okawaru
 18338 | Lair:6   | Reached skill level 11 in Shields
 18382 | Lair:6   | Reached skill level 1 in Invocations
 18384 | Lair:6   | Received a gift from Okawaru
 19040 | Lair:6   | Reached XP level 14. HP: 94/109 MP: 14/14
 19585 | Lair:6   | Reached skill level 10 in Fighting
 20307 | D:12     | Found a staircase to the Orcish Mines.
 20405 | D:12     | You fall through a shaft!
 20547 | D:12     | Noticed Josephine
 20561 | D:12     | Killed Josephine
 20561 | D:12     | Received a gift from Okawaru
 21191 | Orc:1    | Entered Level 1 of the Orcish Mines
 21587 | Orc:1    | Found a roughly hewn altar of Beogh.
 21758 | Orc:2    | Entered Level 2 of the Orcish Mines
 22140 | Orc:2    | Found a dark tunnel.
 22145 | Volcano  | Entered a volcano
 22786 | Orc:2    | Received a gift from Okawaru
 22802 | Orc:2    | Found Meug's Food Shoppe.
 22806 | Orc:2    | Found Qithovy's Distillery.
 23296 | Orc:2    | Found a staircase to the Elven Halls.
 23399 | Orc:2    | Reached skill level 12 in Shields
 24418 | Orc:2    | Found Lasil's Gadget Shop.
 24418 | Orc:2    | Found Bethao's Antique Weapon Boutique.
 24420 | Orc:2    | Found a one-way gate leading to the halls of Pandemonium.
 24618 | Orc:2    | Found a roughly hewn altar of Beogh.
 24920 | D:13     | Found a sparkling altar of Nemelex Xobeh.
 25092 | D:13     | Identified Duoxt's Volume of Axaxaxas mlö
 25142 | D:13     | Identified Ts'ui Pên's Papyrus of Forking Paths
 25149 | D:13     | Identified Sif Muna's Compendium of Dhcmrlchtdj
 25266 | D:14     | Gained mutation: You have hoof-like feet. [demonic
                  | ancestry]
 25266 | D:14     | Reached XP level 15. HP: 110/118 MP: 17/17
 25281 | D:14     | Received a gift from Okawaru
 25291 | D:14     | Reached skill level 15 in Axes
 25654 | D:14     | Received a gift from Okawaru
 25681 | D:14     | Got an ichor-stained hat {god gift}
 25692 | D:14     | Identified the +0 hat of the Orb Guardian {-Tele rN++ Int+2
                  | Stlth+} (Okawaru gifted it to you on level 14 of the
                  | Dungeon)
 25864 | D:14     | Found a gate to the Vaults.
 26296 | D:15     | Entered Level 15 of the Dungeon
 26322 | D:15     | Reached skill level 13 in Shields
 26675 | D:15     | Noticed Rupert
 26693 | D:15     | Killed Rupert
 26942 | D:15     | Found a staircase to the Depths.
 27319 | D:15     | Upgraded the game from 0.23-a0-516-g0f8c245 to
                  | 0.23-a0-519-ga799fc4
 27502 | Elf:1    | Entered Level 1 of the Elven Halls
 27733 | Elf:1    | Found Plog's Food Boutique.
 27863 | Elf:1    | You fall through a shaft!
 27931 | Elf:2    | Reached skill level 10 in Armour
 28192 | Elf:2    | Received a gift from Okawaru
 28611 | Elf:2    | Found a runed gate.
 28611 | Elf:2    | Found a runed gate.
 28632 | Elf:2    | Found a runed gate.
 28689 | Elf:2    | Gained mutation: You sometimes gain a little power by
                  | taking damage. [demonic ancestry]
 28689 | Elf:2    | Reached XP level 16. HP: 127/127 MP: 18/18
 28850 | Elf:2    | Reached skill level 14 in Shields
 29916 | Elf:1    | Received a gift from Okawaru
 29930 | Elf:1    | Got a pair of heavily runed boots {god gift}
 29936 | Elf:1    | Identified the +2 pair of boots of the Sunfish {+Fly rC+
                  | Regen+ MP+9} (Okawaru gifted it to you on level 1 of the
                  | Elven Halls)
 30135 | Elf:1    | Found a deep blue altar of Sif Muna.
 30137 | Elf:1    | Found a deep blue altar of Sif Muna.
 30137 | Elf:1    | Found an ancient bone altar of Kikubaaqudgha.
 30137 | Elf:1    | Found a deep blue altar of Sif Muna.
 31141 | Elf:2    | Identified the +1 robe of Loss {*Drain rPois MR+ Str+8}
 31483 | Elf:2    | Received a gift from Okawaru
 31708 | Elf:3    | Entered Level 3 of the Elven Halls
 31887 | Elf:2    | Reached skill level 15 in Shields
 32353 | Elf:3    | Received a gift from Okawaru
 32846 | Elf:3    | Reached XP level 17. HP: 110/136 MP: 19/19
 33250 | Elf:3    | Noticed a deep elf blademaster
 33254 | Elf:3    | Noticed a deep elf blademaster
 33278 | Elf:3    | Killed a deep elf blademaster
 33629 | Elf:3    | Cast into level 2 of the Abyss (a deep elf demonologist)
 34159 | Abyss:2  | Received a gift from Okawaru
 34162 | Abyss:2  | Got a warped war axe {god gift}
 34168 | Abyss:2  | Identified the +4 war axe of the Extremely Mad {pain, MR+
                  | Int+3 SInv} (Okawaru gifted it to you on level 2 of the
                  | Abyss)
 34265 | Abyss:2  | Noticed a profane servitor
 34296 | Abyss:2  | Killed a profane servitor
 34303 | Elf:3    | Escaped the Abyss
 34332 | Elf:3    | Identified the +6 battleaxe "Polisuam" {protect, rF++ Int+4
                  | Dex-3}
 34332 | Elf:3    | Identified the +4 ring mail of the Engineer {rElec}
 34332 | Elf:3    | Identified the ring "Qaiwoh" {rPois Str+3}
 34489 | Elf:3    | Killed a deep elf blademaster
 34490 | Elf:3    | Identified the amulet "Inivu" {Harm *Drain Int+8}
 34535 | Elf:3    | Received a gift from Okawaru
 34568 | Elf:3    | Identified 2 scrolls of acquirement
 34580 | Elf:3    | Got a warped hat {god gift}
 34606 | Elf:3    | Identified the +1 hat of the Onion {Str+5} (Okawaru gifted
                  | it to you on level 3 of the Elven Halls)
 34708 | Elf:3    | Identified the ring "Ijaimm" {+Inv MP+9 Str+2 Int+9 Stlth-}
 34720 | Elf:3    | Reached skill level 16 in Shields
 35133 | Depths:1 | Entered Level 1 of the Depths
 36014 | Depths:1 | Gained mutation: You have hooves in place of feet. [demonic
                  | ancestry]
 36014 | Depths:1 | Reached XP level 18. HP: 132/146 MP: 21/21
 36139 | Depths:1 | Found Kiukho Weena's Jewellery Shop.
 36140 | Depths:1 | Found Rukes's Gadget Emporium.
 36141 | Depths:1 | Found Xerchequle's Jewellery Shop.
 36222 | Depths:1 | Found a one-way gate to the infinite horrors of the Abyss.
 36222 | Depths:1 | Found a gateway to a ziggurat.
 36223 | Depths:1 | Found a gateway to Hell.
 36454 | Depths:1 | Received a gift from Okawaru
 38144 | Depths:2 | Reached skill level 5 in Stealth
 38321 | Depths:2 | Got a shimmering brass ring
 38324 | Depths:2 | Identified the ring "Zaugypej" {rPois rF+ Int-3 Dex+3} (You
                  | acquired it on level 2 of the Depths)
 38384 | Depths:2 | Received a gift from Okawaru
 38493 | Depths:3 | Noticed Margery
 39110 | Depths:2 | Killed Margery
 39116 | Depths:2 | Reached skill level 17 in Shields
 40083 | Depths:3 | Got a translucent triple sword
 40178 | Depths:2 | Reached skill level 15 in Fighting
 40186 | Depths:2 | Found a runed door.
 40554 | Depths:3 | Gained mutation: A powerful demonic guardian rushes to your
                  | aid. [demonic ancestry]
 40554 | Depths:3 | Reached XP level 19. HP: 129/155 MP: 17/22
 40712 | Depths:3 | Received a gift from Okawaru
 41125 | Depths:2 | Noticed a caustic shrike
 41143 | Depths:2 | Killed a caustic shrike
 41375 | Depths:2 | Found a runed door.
 41403 | Depths:2 | Found a runed door.
 41410 | Depths:2 | Found a runed door.
 41463 | Depths:2 | Got a flickering golden ring
 41465 | Depths:2 | Got a slimy copper amulet
 41525 | Depths:2 | Identified the ring "Tucidgh" {*Tele Str+2 Int+2 Stlth+}
                  | (You found it on level 2 of the Depths)
 41529 | Depths:2 | Identified the amulet "Gadiexiu" {RegenMP rC+ MR+ Str+4
                  | Dex+6} (You found it on level 2 of the Depths)
 41915 | Depths:3 | Reached skill level 5 in Invocations
 41956 | Depths:3 | Received a gift from Okawaru
 41959 | Depths:3 | Got an ancient helmet {god gift}
 41980 | Depths:3 | Identified the +0 helmet "Jisuol" {rElec rCorr} (Okawaru
                  | gifted it to you on level 3 of the Depths)
 41997 | Depths:3 | Paralysed by a great orb of eyes for 2 turns
 42520 | Depths:3 | Identified the +3 flail "Iduvell" {holy, +Fly rElec rPois
                  | Str-2}
 42527 | Depths:3 | Reached skill level 18 in Shields
 42548 | Depths:3 | Noticed a caustic shrike
 42549 | Depths:3 | Noticed a caustic shrike
 42549 | Depths:3 | Identified the ring of Ceaf {+Inv rN+ Int+2}
 42566 | Depths:3 | Killed a caustic shrike
 42572 | Depths:3 | Killed a caustic shrike
 42581 | Depths:3 | Identified the Guide on Flying Clay
 42731 | Depths:3 | You fall through a shaft for 2 floors!
 42731 | Depths:5 | Entered Level 5 of the Depths
 43183 | Depths:5 | Noticed a golden dragon
 43201 | Depths:5 | Killed a golden dragon
 43408 | Depths:5 | Found a gate to the Realm of Zot.
 43505 | Depths:5 | Found a gateway to a bazaar.
 43762 | Depths:4 | Noticed Mennas
 43789 | Depths:4 | Killed Mennas
 43789 | Depths:4 | Received a gift from Okawaru
 43789 | Depths:4 | Gained mutation: When seriously injured, your bleeding
                  | wounds create very thick armour. (AC +12) [demonic
                  | ancestry]
 43789 | Depths:4 | Reached XP level 20. HP: 146/164 MP: 14/24
 44017 | Depths:4 | Received a gift from Okawaru
 44204 | Depths:4 | Got a flickering silver ring
 44208 | Depths:4 | Identified the ring "Zerphel" {rElec Str+3 Dex-2 Slay+5}
                  | (You found it on level 4 of the Depths)
 44331 | Depths:4 | Noticed a juggernaut
 44344 | Depths:4 | Killed a juggernaut
 44467 | Depths:4 | Noticed a caustic shrike
 44477 | Depths:4 | Killed a caustic shrike
 44500 | Depths:4 | Identified the ring of Uqaan {rPois Dex+3 SInv}
 44510 | Depths:4 | Paralysed by a vampire knight for 5 turns
 44922 | Depths:4 | Identified the ring "Ceytihiz" {+Inv MP+9 Str+5}
 45094 | Depths:4 | Found Xawyklug's Gadget Boutique.
 45148 | Depths:4 | Received a gift from Okawaru
 45211 | Depths:4 | Got an ichor-stained hand axe {god gift}
 45212 | Depths:4 | Identified the +9 hand axe "Goureuk" {flame, Int+3}
                  | (Okawaru gifted it to you on level 4 of the Depths)
 45395 | Depths:4 | Noticed a caustic shrike
 45409 | Depths:4 | Killed a caustic shrike
 45439 | Depths:4 | Found Vodwumpe's Book Boutique.
 45479 | Depths:4 | Reached skill level 19 in Shields
 45677 | Depths:4 | Found Vos Vomn's Armour Shop.
 45869 | Depths:4 | Received a gift from Okawaru
 45872 | Depths:4 | Got a fine helmet {god gift}
 45883 | Depths:4 | Identified the -2 helmet "Miliryus" {Int+2 Stlth+} (Okawaru
                  | gifted it to you on level 4 of the Depths)
 46382 | Depths:5 | Noticed Saint Roka
 46407 | Depths:5 | Killed Saint Roka
 46673 | Depths:5 | Found a runed door.
 46909 | Depths:5 | Noticed a juggernaut
 46923 | Depths:5 | Killed a juggernaut
 46923 | Depths:5 | Gained mutation: You sometimes gain power by taking damage.
                  | [demonic ancestry]
 46923 | Depths:5 | Reached XP level 21. HP: 144/173 MP: 20/25
 47102 | Depths:5 | Noticed Dustman's ghost (adept HOGl)
 47400 | Bazaar   | Entered a bazaar
 47404 | Bazaar   | Found Hawouw's Book Boutique.
 47433 | Bazaar   | Found Agenise's Weapon Shoppe.
 47457 | Bazaar   | Found Vooh Napu's Food Boutique.
 47473 | Bazaar   | Found Deotoh's Book Emporium.
 47520 | Bazaar   | Bought a book of the Warp for 1170 gold pieces
 47529 | Bazaar   | Learned a level 8 spell: Controlled Blink
 47700 | Depths:5 | Killed Dustman's ghost
 48022 | Slime:1  | Entered Level 1 of the Pits of Slime
 48053 | Slime:1  | Gained mutation: Your spells are a little easier to cast,
                  | but a little less powerful. [a shining eye]
 48057 | Slime:1  | Reached skill level 1 in Translocations
 48091 | Slime:1  | Received a gift from Okawaru
 48322 | Slime:3  | Received a gift from Okawaru
 48333 | Slime:3  | Gained mutation: You are weak. (Str -2) [a shining eye]
 49276 | Slime:5  | Entered Level 5 of the Pits of Slime
 49810 | Slime:5  | Received a gift from Okawaru
 49824 | Slime:5  | Got a bloodstained plate armour {god gift}
 49849 | Slime:5  | Identified the +10 plate armour "Ubearr" {MR++ MP+9 Int+4}
                  | (Okawaru gifted it to you on level 5 of the Pits of Slime)
 49964 | Slime:5  | Found the +10 morningstar "Eos" {elec, Halo rElec}
 49965 | Slime:5  | Noticed the Royal Jelly
 49974 | Slime:5  | Found a viscous altar of Jiyva.
 49994 | Slime:5  | Killed the Royal Jelly
 50050 | Slime:5  | Gained mutation: Potions are less effective at restoring
                  | your health. [a shining eye]
 50513 | Slime:5  | Got a slimy rune of Zot
 50686 | Shoals:1 | Entered Level 1 of the Shoals
 50705 | Shoals:1 | Noticed Kirke
 50726 | Shoals:1 | Killed Kirke
 50953 | Shoals:1 | Noticed Frances
 50973 | Shoals:1 | Killed Frances
 51441 | Shoals:2 | You fall through a shaft!
 51705 | Shoals:3 | Gained mutation: Your flesh is heat resistant. (rF+)
                  | [demonic ancestry]
 51705 | Shoals:3 | Reached XP level 22. HP: 155/181 MP: 26/26
 52079 | Shoals:3 | Reached skill level 5 in Translocations
 52371 | Shoals:2 | Received a gift from Okawaru
 52383 | Shoals:2 | Got a distressingly furry crystal plate armour {god gift}
 52398 | Shoals:2 | Identified the +7 crystal plate armour "Ciffish" {*Drain
                  | rN++ Str+9 Int-5} (Okawaru gifted it to you on level 2 of
                  | the Shoals)
 52439 | Shoals:2 | Noticed Ilsuiw
 52462 | Shoals:2 | Killed Ilsuiw
 52700 | Shoals:2 | Identified Roxanne's Collected Works on Changing
 52700 | Shoals:2 | Noticed Roxanne
 52745 | Shoals:2 | Killed Roxanne
 53062 | Shoals:4 | Entered Level 4 of the Shoals
 53273 | Shoals:4 | Identified the +4 battleaxe of Ginleawa {speed, Str+5
                  | Int+4}
 53577 | Shoals:4 | Noticed Polyphemus
 53611 | Shoals:4 | Killed Polyphemus
 53611 | Shoals:4 | Reached skill level 20 in Shields
 53987 | Shoals:4 | Got a barnacled rune of Zot
 54398 | Snake:1  | Entered Level 1 of the Snake Pit
 54410 | Snake:1  | Received a gift from Okawaru
 55440 | Snake:2  | Reached skill level 15 in Armour
 55680 | Snake:2  | Reached skill level 10 in Dodging
 56656 | Snake:3  | Found a runed door.
 56675 | Snake:3  | Found a shimmering altar of Xom.
 56675 | Snake:3  | Noticed Lufyqa Hiru's ghost (adept MfIE)
 57144 | Snake:3  | Killed Lufyqa Hiru's ghost
 57144 | Snake:3  | Gained mutation: You are immune to clouds of flame.
                  | [demonic ancestry]
 57144 | Snake:3  | Reached XP level 23. HP: 181/189 MP: 20/27
 57153 | Snake:3  | Got a transparent pewter ring
 57156 | Snake:3  | Identified the cursed ring of Gaalemud {rPois MR- Str-3
                  | Dex+2} (You found it on level 3 of the Snake Pit)
 57172 | Snake:4  | Entered Level 4 of the Snake Pit
 57383 | Snake:4  | Received a gift from Okawaru
 57960 | Snake:4  | Got a slimy war axe {god gift}
 57962 | Snake:4  | Identified the +6 war axe of Tender Mercy {venom, rElec}
                  | (Okawaru gifted it to you on level 4 of the Snake Pit)
 58214 | Snake:4  | Got a serpentine rune of Zot
 58932 | Vaults:1 | Entered Level 1 of the Vaults
 59087 | Vaults:1 | Received a gift from Okawaru
 60129 | Vaults:1 | Found Jihes's General Store.
 60158 | Vaults:1 | Bought a scroll of acquirement for 884 gold pieces
 60158 | Vaults:1 | Bought a scroll of blinking for 127 gold pieces
 60161 | Vaults:1 | Got a bloodstained helmet
 60172 | Vaults:1 | Identified the -2 helmet of Midsummer {Int+4} (You acquired
                  | it on level 1 of the Vaults)
 60314 | Vaults:2 | Received a gift from Okawaru
 60392 | Vaults:2 | Was placed under penance by Okawaru
 60694 | Vaults:2 | Gained mutation: You can hurl damnation. [demonic ancestry]
 60694 | Vaults:2 | Reached XP level 24. HP: 190/198 MP: 27/27
 60950 | Vaults:3 | Was forgiven by Okawaru
 61495 | Vaults:2 | Found a staircase to the Crypt.
 61744 | Vaults:2 | Noticed Boris
 61763 | Vaults:2 | Killed Boris
 62440 | Vaults:3 | Found Vefforom's Assorted Antiques.
 62495 | Vaults:3 | Received a gift from Okawaru
 63809 | Vaults:4 | Reached skill level 10 in Translocations
 63898 | Vaults:4 | Noticed Boris
 63918 | Vaults:4 | Killed Boris
 63992 | Vaults:4 | Found the +2 ratskin cloak {+Rats rPois rN+ Str-1 Int-1
                  | Dex+1}
 64196 | Vaults:4 | Reached skill level 21 in Shields
 64680 | Vaults:5 | Entered Level 5 of the Vaults
 64708 | Vaults:5 | Reached skill level 1 in Spellcasting
 64709 | Vaults:5 | Received a gift from Okawaru
 64713 | Vaults:5 | Noticed an ancient lich
 64720 | Vaults:5 | Reached XP level 25. HP: 192/207 MP: 23/27
 64767 | Vaults:5 | Killed an ancient lich
 64800 | Vaults:5 | Received a gift from Okawaru
 64897 | Vaults:5 | Got a crystal broad axe {god gift}
 64971 | Vaults:5 | Identified the +5 broad axe of the Goat {freeze, Int+7
                  | Dex-5} (Okawaru gifted it to you on level 5 of the Vaults)
 65091 | Vaults:5 | Identified the +6 spear of Descent {protect, rN+ Int+5}
 65128 | Vaults:5 | Got a silver rune of Zot
 65130 | Vaults:5 | Got a flickering golden ring
 65135 | Vaults:5 | Identified the ring "Pouxete" {*Contam rC+ Str+6 Int+4}
                  | (You found it on level 5 of the Vaults)
 65193 | Vaults:5 | Identified the Reference Book on Snow and the Birds
 65443 | Vaults:5 | Noticed Jory
 65444 | Vaults:5 | Identified the +10 dagger of Jataerik {pierce, Int+9}
 65466 | Vaults:5 | Killed Jory
 65478 | Vaults:5 | Received a gift from Okawaru
 65641 | Vaults:5 | Identified the Papyrus of Augmentations and Enchantment
 65655 | Vaults:5 | Identified the Reference Book on Execration
 65949 | Vaults:5 | Identified the +5 long sword of Wyrd {slice, rElec Str+4}
 66069 | Vaults:5 | Received a gift from Okawaru
 66072 | Vaults:5 | Got a black opal-encrusted crystal plate armour {god gift}
 66083 | Vaults:5 | Identified the +0 crystal plate armour "Wuwo Fac" {Int+3}
                  | (Okawaru gifted it to you on level 5 of the Vaults)
 66282 | Vaults:5 | Reached skill level 5 in Spellcasting
 66434 | Vaults:5 | Noticed an ancient lich
 66444 | Vaults:5 | Paralysed by an ancient lich for 5 turns
 66458 | Vaults:5 | Killed an ancient lich
 66606 | Vaults:5 | Gained mutation: You are powered by pain. [demonic
                  | ancestry]
 66606 | Vaults:5 | Reached XP level 26. HP: 216/216 MP: 31/31
 67130 | Hell     | Entered the Vestibule of Hell
 67130 | Hell     | Noticed Geryon
 67193 | Hell     | Killed Geryon
 67385 | Hell     | Found a gateway to the decaying netherworld of Tartarus.
 67540 | Hell     | Found a gateway to the freezing wastes of Cocytus.
 67837 | Hell     | Found a gateway to the Iron City of Dis.
 67883 | Hell     | Found a gateway to the ashen valley of Gehenna.
 68160 | Crypt:1  | Entered Level 1 of the Crypt
 68177 | Crypt:1  | Noticed Aizul
 68196 | Crypt:1  | Killed Aizul
 68329 | Crypt:1  | Noticed Mara
 68331 | Crypt:1  | Noticed galech's illusion
 68421 | Crypt:1  | Killed Mara
 69264 | Crypt:1  | Received a gift from Okawaru
 69525 | Crypt:1  | Noticed Khufu
 69525 | Crypt:1  | Noticed a greater mummy
 69525 | Crypt:1  | Noticed a greater mummy
 69525 | Crypt:1  | Noticed a greater mummy
 69828 | Crypt:1  | Killed Khufu
 69835 | Crypt:1  | Killed a greater mummy
 69839 | Crypt:1  | Killed a greater mummy
 69857 | Crypt:1  | Killed a greater mummy
 70325 | Crypt:2  | Noticed Bai Suzhen
 70354 | Crypt:2  | Killed Bai Suzhen
 70735 | Crypt:2  | Received a gift from Okawaru
 71308 | Crypt:3  | Entered Level 3 of the Crypt
 71991 | Crypt:3  | Reached XP level 27. HP: 178/224 MP: 34/34
 72551 | Crypt:3  | Found a staircase to the Tomb.
 72551 | Crypt:3  | Noticed an ancient lich
 72565 | Crypt:3  | Killed an ancient lich
 72570 | Crypt:3  | Identified the Compendium of Stolen Souls
 72681 | Crypt:3  | Found an ancient bone altar of Kikubaaqudgha.
 72728 | Crypt:3  | Noticed an ancient lich
 72741 | Crypt:3  | Killed an ancient lich
 73491 | Zot:1    | Entered Level 1 of the Realm of Zot
 73719 | Depths:1 | Voluntarily entered the Abyss.
 73770 | Abyss:1  | Reached skill level 22 in Shields
 73803 | Abyss:1  | Received a gift from Okawaru
 74232 | Abyss:4  | Found a corrupted altar of Lugonu.
 74284 | Abyss:5  | Entered Level 5 of the Abyss
 74284 | Abyss:5  | Found a corrupted altar of Lugonu.
 74651 | Abyss:5  | Received a gift from Okawaru
 74846 | Abyss:5  | Paralysed by accursed screaming for 1 turns
 74863 | Abyss:5  | Gained mutation: Your body sometimes deteriorates upon
                  | taking damage. [a shining eye]
 74875 | Depths:1 | Escaped the Abyss
 76019 | Tomb:1   | Entered Level 1 of the Tomb of the Ancients
 76030 | Tomb:1   | Lost mutation: Your spells are a little easier to cast, but
                  | a little less powerful. [potion of mutation]
 76030 | Tomb:1   | Lost mutation: You are weak. (Str -2) [potion of mutation]
 76030 | Tomb:1   | Lost mutation: Your body sometimes deteriorates upon taking
                  | damage. [potion of mutation]
 76030 | Tomb:1   | Gained mutation: Your spells are a little easier to cast,
                  | but a little less powerful. [potion of mutation]
 76030 | Tomb:1   | Gained mutation: You are agile. (Dex +2) [potion of
                  | mutation]
 76030 | Tomb:1   | Gained mutation: You have a pair of small horns on your
                  | head. [potion of mutation]
 76031 | Tomb:1   | Lost mutation: You are agile. (Dex +2) [potion of mutation]
 76031 | Tomb:1   | Lost mutation: Your spells are a little easier to cast, but
                  | a little less powerful. [potion of mutation]
 76031 | Tomb:1   | Lost mutation: Potions are less effective at restoring your
                  | health. [potion of mutation]
 76031 | Tomb:1   | Gained mutation: Scrolls take you a little longer to read.
                  | [potion of mutation]
 76031 | Tomb:1   | Gained mutation: You have a pair of horns on your head.
                  | [potion of mutation]
 76167 | Tomb:1   | Paralysed by a sphinx for 7 turns
 76448 | Tomb:1   | Noticed a greater mummy
 76477 | Tomb:1   | Killed a greater mummy
 76807 | Tomb:1   | Paralysed by a lich for 4 turns
 76995 | Tomb:1   | Noticed a greater mummy
 77009 | Tomb:1   | Killed a greater mummy
 77147 | Tomb:1   | Received a gift from Okawaru
 77490 | Tomb:1   | Lost mutation: You have a pair of horns on your head.
                  | [potion of mutation]
 77490 | Tomb:1   | Lost mutation: Scrolls take you a little longer to read.
                  | [potion of mutation]
 77490 | Tomb:1   | Lost mutation: You have a pair of small horns on your head.
                  | [potion of mutation]
 77490 | Tomb:1   | Gained mutation: Your mind is acute. (Int +2) [potion of
                  | mutation]
 77490 | Tomb:1   | Gained mutation: You are resistant to electric shocks.
                  | (rElec) [potion of mutation]
 77490 | Tomb:1   | Gained mutation: You are resistant to hostile enchantments.
                  | (MR+) [potion of mutation]
 77508 | Tomb:2   | Noticed an ancient lich
 77513 | Tomb:2   | Noticed a greater mummy
 77658 | Tomb:2   | Received a gift from Okawaru
 78185 | Tomb:2   | Cast into level 5 of the Abyss (a Zot trap)
 78185 | Abyss:5  | Entered Level 5 of the Abyss
 78238 | Tomb:2   | Escaped the Abyss
 78362 | Tomb:2   | Cast into level 5 of the Abyss (a Zot trap)
 78362 | Abyss:5  | Entered Level 5 of the Abyss
 78639 | Abyss:5  | Reached skill level 15 in Dodging
 78646 | Tomb:2   | Escaped the Abyss
 78786 | Tomb:2   | Noticed a greater mummy
 78795 | Tomb:2   | Noticed a greater mummy
 78971 | Tomb:2   | Killed a greater mummy
 78987 | Tomb:2   | Killed a greater mummy
 79713 | Tomb:2   | Killed a greater mummy
 79725 | Tomb:2   | Killed an ancient lich
 80066 | Tomb:1   | Noticed a greater mummy
 80066 | Tomb:1   | Noticed a greater mummy
 80066 | Tomb:1   | Noticed a greater mummy
 80066 | Tomb:1   | Noticed a greater mummy
 80067 | Tomb:1   | Noticed a greater mummy
 80592 | Tomb:1   | Noticed a greater mummy
 80602 | Tomb:1   | Killed a greater mummy
 80612 | Tomb:1   | Noticed a greater mummy
 80621 | Tomb:1   | Killed a greater mummy
 80622 | Tomb:1   | Killed a greater mummy
 80622 | Tomb:1   | Killed a greater mummy
 80631 | Tomb:1   | Killed a greater mummy
 80655 | Tomb:1   | Killed a greater mummy
 80666 | Tomb:1   | Noticed a greater mummy
 81177 | Tomb:1   | Noticed a greater mummy
 81184 | Tomb:1   | Killed a greater mummy
 81184 | Tomb:1   | Received a gift from Okawaru
 81200 | Tomb:1   | Killed a greater mummy
 81209 | Tomb:1   | Killed a greater mummy
 81341 | Tomb:1   | Noticed a greater mummy
 81344 | Tomb:1   | Noticed a greater mummy
 81348 | Tomb:1   | Noticed a greater mummy
 81351 | Tomb:1   | Killed a greater mummy
 81360 | Tomb:1   | Killed a greater mummy
 81369 | Tomb:1   | Killed a greater mummy
 81739 | Tomb:1   | Noticed a greater mummy
 81752 | Tomb:1   | Killed a greater mummy
 82028 | Tomb:1   | Noticed a greater mummy
 82033 | Tomb:1   | Noticed a greater mummy
 82041 | Tomb:1   | Killed a greater mummy
 82069 | Tomb:1   | Killed a greater mummy
 82287 | Tomb:1   | Noticed a greater mummy
 82301 | Tomb:1   | Killed a greater mummy
 82623 | Tomb:1   | Noticed a greater mummy
 82643 | Tomb:1   | Killed a greater mummy
 82653 | Tomb:1   | Noticed a greater mummy
 82657 | Tomb:1   | Noticed a greater mummy
 82669 | Tomb:1   | Killed a greater mummy
 82680 | Tomb:1   | Killed a greater mummy
 83177 | Tomb:3   | Entered Level 3 of the Tomb of the Ancients
 83449 | Tomb:3   | Noticed a greater mummy
 83464 | Tomb:3   | Noticed an ancient lich
 83478 | Tomb:3   | Killed a greater mummy
 83497 | Tomb:2   | Killed an ancient lich
 84088 | Tomb:3   | Noticed a greater mummy
 84090 | Tomb:3   | Noticed a greater mummy
 84116 | Tomb:3   | Received a gift from Okawaru
 84125 | Tomb:3   | Found the +8 autumn katana {slice, Clar}
 84520 | Tomb:3   | Noticed a greater mummy
 84531 | Tomb:3   | Killed a greater mummy
 84531 | Tomb:3   | Reached skill level 23 in Shields
 84545 | Tomb:3   | Got a golden rune of Zot
 84563 | Tomb:3   | Noticed a greater mummy
 84576 | Tomb:3   | Noticed a greater mummy
 84579 | Tomb:3   | Killed a greater mummy
 84590 | Tomb:3   | Killed a greater mummy
 84757 | Tomb:3   | Noticed a greater mummy
 84803 | Tomb:3   | Killed a greater mummy
 84818 | Tomb:3   | Killed a greater mummy
 84981 | Tomb:3   | Noticed an ancient lich
 84996 | Tomb:3   | Killed an ancient lich
 85395 | Tomb:3   | Killed a greater mummy
 85757 | Tomb:3   | Found the +6 shillelagh "Devastator" {shatter}
 85773 | Tomb:3   | Identified the Guide on the Mountains and the Compass
 85781 | Tomb:3   | Identified Istih's Volume of Translocation
 85863 | Tomb:3   | Got a translucent tin ring
 85864 | Tomb:3   | Identified the cursed ring of the Tick {MR+ Int-2} (You
                  | found it on level 3 of the Tomb of the Ancients)
 86611 | Depths:1 | Voluntarily entered the Abyss.
 86853 | Abyss:4  | Received a gift from Okawaru
 86869 | Abyss:4  | Got an abyssal rune of Zot
 86975 | Depths:1 | Escaped the Abyss
 87159 | Tar:1    | Entered Level 1 of Tartarus
 89239 | Tar:5    | Received a gift from Okawaru
 89524 | Tar:5    | You fall through a shaft!
 89778 | Tar:7    | Entered Level 7 of Tartarus
 90662 | Tar:7    | Identified the Reference Book on Boosting Moulding
 90782 | Tar:7    | Found the cursed +14 obsidian axe {chop, +Fly SInv *Curse}
 90804 | Tar:7    | Identified Cylaskont's Grimoire of Supportive Envenoming
 90856 | Tar:7    | Received a gift from Okawaru
 90868 | Tar:7    | Noticed Ereshkigal
 90902 | Tar:7    | Killed Ereshkigal
 91056 | Tar:7    | Reached skill level 24 in Shields
 91160 | Tar:7    | Received a gift from Okawaru
 91561 | Tar:7    | Noticed an ancient lich
 91568 | Tar:7    | Killed an ancient lich
 91577 | Tar:7    | Identified the ring "Jesosh" {*Slow rPois MR+ SInv} (You
                  | found it on level 7 of Tartarus)
 91647 | Tar:7    | Got a bone rune of Zot
 91767 | Tar:7    | Gained mutation: You are frail. (-10% HP) [mutagenic glow]
 91809 | Tar:7    | Gained mutation: You can translocate small distances at
                  | will. [mutagenic glow]
 91934 | Tar:7    | Got a faintly glowing brass ring
 91935 | Tar:7    | Identified the cursed ring "Ucuutsea" {-Tele rElec rN+
                  | Str-3 Int+2} (You found it on level 7 of Tartarus)
 92024 | Geh:1    | Entered Level 1 of Gehenna
 93569 | Geh:2    | Received a gift from Okawaru
 94999 | Geh:6    | Received a gift from Okawaru
 95490 | Geh:7    | Entered Level 7 of Gehenna
 96075 | Geh:7    | Noticed the Serpent of Hell
 96091 | Geh:7    | Killed the Serpent of Hell
 96911 | Geh:7    | Received a gift from Okawaru
 96919 | Geh:7    | Got a bloodstained hand axe {god gift}
 96920 | Geh:7    | Identified the +10 hand axe of Impatience {speed, +Fly MP+9
                  | SInv} (Okawaru gifted it to you on level 7 of Gehenna)
 97843 | Geh:7    | Identified the +7 sceptre of Asmodeus
 97843 | Geh:7    | Noticed Asmodeus
 97874 | Geh:7    | Killed Asmodeus
 97909 | Geh:7    | Identified Dytzor's Tome of Unholy Secrets and Malediction
 97926 | Geh:7    | Got an obsidian rune of Zot
 97959 | Geh:7    | Identified the amulet "Roug Ots" {Faith rN+ Slay+3} (You
                  | found it on level 7 of Gehenna)
 97960 | Geh:7    | Identified the Guide on the Mountains
 97963 | Geh:7    | Identified the amulet of the Castellan {Acrobat +Inv Str+2
                  | Slay-6} (You found it on level 7 of Gehenna)
 97997 | Geh:7    | Identified Byukut's Handbook of the Birds
 98026 | Geh:7    | Identified First Steps in the Arcane Arts
 98155 | Geh:7    | Received a gift from Okawaru
 98155 | Geh:7    | Reached skill level 25 in Shields
 98444 | Coc:1    | Entered Level 1 of Cocytus
 98733 | Coc:5    | You fall through a shaft!
 99591 | Coc:6    | Received a gift from Okawaru
 99736 | Coc:6    | Received a gift from Okawaru
 99833 | Coc:7    | Entered Level 7 of Cocytus
100352 | Coc:7    | Received a gift from Okawaru
101089 | Coc:7    | Was placed under penance by Okawaru
101412 | Coc:7    | Was forgiven by Okawaru
102475 | Coc:7    | Received a gift from Okawaru
102644 | Coc:7    | Identified the cursed +0 war axe of Teijuur {flame, rN+}
                  | (You found it on level 7 of Cocytus)
102653 | Coc:7    | Noticed Antaeus
102694 | Coc:7    | Killed Antaeus
102708 | Coc:7    | Identified the Volume of the Blaze
102711 | Coc:7    | Got an icy rune of Zot
102783 | Coc:7    | Gained mutation: Your body sometimes deteriorates upon
                  | taking damage. [mutagenic glow]
103340 | Dis:1    | Entered Level 1 of the Iron City of Dis
103426 | Dis:2    | Gained mutation: Your spells are a little easier to cast,
                  | but a little less powerful. [mutagenic glow]
103496 | Dis:2    | Gained mutation: Your magical capacity is low. (-10% MP)
                  | [mutagenic glow]
103993 | Dis:3    | Gained mutation: You are weak. (Str -2) [mutagenic glow]
104242 | Dis:3    | Received a gift from Okawaru
105191 | Dis:4    | Received a gift from Okawaru
105276 | Dis:4    | Reached skill level 26 in Shields
105349 | Dis:4    | You fall through a shaft!
105488 | Dis:7    | Entered Level 7 of the Iron City of Dis
105535 | Dis:7    | HP: 10/200 [Hell Sentinel/damnation (22)]
105535 | Dis:7    | Killed by the effects of Hell

Vault maps used:
D:1:      dpeg_arrival_lava_temple_mockup
D:2:      led_sif_pool, bloody_trog, uniq_crazy_yiuf_cottage, uniq_sigmund
D:3:      minmay_rat_hole, uniq_grinder
D:5:      minmay_temple_entry_enclosed_plants, serial_shops, shop, first_ration,
          nemelex_dance_club_becter
D:6:      serial_shops, nicolae_shop_overgrown_old_shop, shop_statue, shop,
          uniq_edmund, uniq_duvessa, uniq_pikel
D:7:      statuecave_lemuel, grunt_ministairs_6, sword_in_stone
D:8:      grunt_livestock, uniq_psyche
D:9:      lair_entry_dummy, uniq_maurice
D:10:     nooodl_orcs_dogs
D:11:     serial_shops, shop
D:12:     hiddenorc1_lemuel, uniq_josephine
D:13:     basic_altar, bh_hangedman_babel_library
D:14:     david_vaults_4, fake_guardian_serpent_vault
D:15:     hangedman_depths_entry_civil_slaughter, nicolae_benzene_ring,
          uniq_rupert
Temple:   grunt_wide_crystal_templ
Lair:1:   chequers_serial_rivers_micro_b, serial_bayou_shore_a,
          lemuel_fruit_tree
Lair:2:   shoals_dummy_entry, minmay_snake_entry_six_corridors, serial_rivers,
          chequers_serial_rivers_micro_a, chequers_serial_rivers_large_a,
          chequers_serial_rivers_small_b, chequers_serial_rivers_micro_d,
          chequers_serial_rivers_small_a
Lair:3:   serial_bayou, serial_bayou_pond_c, serial_bayou_pond_c,
          serial_bayou_pond_d, serial_bayou_pond_c, serial_bayou_pond_a,
          serial_bayou_pond_c, chequers_serial_rivers_micro_d,
          serial_bayou_crossing
Lair:5:   dragon1_lemuel, slime_altar_1, portal_ice_cave_demonic_guard
Lair:6:   grunt_lair_end_beastmaster, st_stairs_13, lemuel_fruit_fields,
          grunt_megastairs_2, minmay_lair_oklob_chamber
Shoals:1: nicolae_shoals_mertower, uniq_frances, uniq_kirke
Shoals:2: uniq_roxanne, uniq_ilsuiw
Shoals:3: nicolae_shoals_water_shrine
Shoals:4: shoals_end_grunt_ice, uniq_polyphemus
Snake:3:  ebering_ghost_xom, nicolae_coiled_stairwell_down
Snake:4:  johnstein_snake_rune_scales
Slime:2:  basic_altar, cheibrodos_slime_lost_civilization_6
Orc:1:    basic_altar
Orc:2:    pf_orc_diabolical, nicolae_volcano_entry_s_turn, minmay_orc_temple_c
Elf:1:    minmay_the_grid_octo_2x2, serial_shops, shop, evilmike_minifort
Elf:3:    minmay_elf_hall_spiked, st_stairs_12, billiards_dpeg
Vaults:1: nicolae_vaults_display_case, hangedman_vaults_stitches,
          grunt_vaults_focal, vaults_room_grunt_arrival_ludios,
          hangedman_vaults_cutoff, vaults_dpeg_hooks, vaults_room_corners,
          nicolae_vaults_specimen_jars, nicolae_vaults_triangles,
          hangedman_vaults_locks, serial_shops, shop
Vaults:2: dpeg_vaults_monster_row, nicolae_vaults_back_hallway,
          minmay_crypt_entry_simple_plaza, nicolae_vaults_ninety_degrees,
          vaults_room_ringed_pool, vaults_mumra_hexcomb, grunt_vaults_funnel,
          grunt_vaults_diagonal, nicolae_vaults_little_squares_3,
          grunt_vaults_twisty, v_misc_14, ontoclasm_vaults_ring_square,
          vaults_dpeg_cross, nicolae_vaults_little_squares_1, uniq_boris
Vaults:3: nicolae_vaults_little_squares_5, vaults_room_large_hall,
          v_alt_pattern_3, hangedman_vaults_stretched_pinwheel,
          grunt_vaults_trifunnel, v_alt_pattern_4, v_alt_pattern_6,
          nicolae_vaults_alarming, grunt_vaults_hallway_long,
          hangedman_vaults_cutoff, ontoclasm_vaults_chip, serial_glass,
          serial_shops, nicolae_shop_window_shopping
Vaults:4: hangedman_vaults_nails, st_more_cells, vaults_room_stairs_pillars,
          v_rooms_1, nicolae_vaults_gold_heap, grunt_vaults_bifocal,
          nicolae_vaults_little_squares_3, hangedman_vaults_corner_blocks,
          ontoclasm_vaults_chip, nicolae_vaults_network_s, v_misc_10, v_misc_10,
          vaults_room_pool, uniq_boris
Vaults:5: uniq_jory
Crypt:1:  unseen_surprise_small, grunt_crypt_arrival_webbed,
          roderic_lattice_octagonal_star, uniq_khufu, uniq_mara, uniq_aizul
Crypt:2:  grunt_megastairs_5, basic_stair_grate_trap, uniq_bai_suzhen
Crypt:3:  quadcrypt_mu
Depths:1: enter_ziggurat_f, grunt_pan_entry_in_and_out, hell_entry,
          serial_bayou_pond_e, abyss_entry, minmay_misc_feat_iff, spider_trap,
          kb_rosetta, minmay_shop_grove
Depths:2: impenetrable_vault, lightli_too_deep, hangedman_abyss_or_decor_slice
Depths:3: minmay_nine_rooms, grunt_hell_entry_dis_grunt, pan_entry,
          minmay_stone_trees_small, nrook_loot_triangle,
          minmay_misc_feat_rugged, hangedman_stitches_earthworm, uniq_margery
Depths:4: hangedman_spin_cycle, hell_entry, abyss_entry, uniq_mennas
Depths:5: evilmike_zot_entry_gauntlet, gammafunk_ghost_grave, hell_entry,
          serial_shops, bzr_entry_gold, grunt_pan_entry_spiral,
          hangedman_decor_clover_reticule, uniq_saint_roka
Dis:3:    grunt_dis_stairs_iron_hall
Dis:7:    iron_city_of_dis
Geh:3:    nicolae_geh_amphitheater
Geh:5:    hangedman_elemental_corridor
Geh:7:    geh_mu
Coc:7:    coc_grunt_cove
Tar:2:    grunt_megastairs_1
Tar:3:    nicolae_tar_cuneiform_to_be, lemuel_elevator
Tar:4:    nicolae_tar_cuneiform_bird
Tar:7:    tar_grunt_cathedral
Zot:1:    st_stairs_14
Abyss:1:  evilmike_abyss_exit_mutagenic
Abyss:2:  evilmike_abyss_exit_10
Abyss:3:  hangedman_abyss_theft, due_evilmike_abyss_rune_seething_liches,
          minivault_22
Abyss:4:  evilmike_abyss_exit_glass, gammafunk_abyss_rune_reverse_zot,
          bh_abyss_exit_grid, evilmike_abyss_rune_ettins,
          guppyfry_abyss_exit_imp_island
Abyss:5:  minivault_22, minivault_20, evilmike_abyss_exit_12,
          serial_sigils_hangedman_quiver, doesnt_abyss_rune_brain_food,
          evilmike_abyss_exit_15, hangedman_decor_points, bh_abyss_exit_grid,
          hangedman_abyss_rune_macabre_mess, evilmike_abyss_exit_16
Bazaar:   bazaar_jpeg_circle_rare_4
IceCv:    ice_cave_small_necro
Volcano:  volcano_overflow

Skill      XL: |  1  2  3  4  5  6  7  8  9 10 11 12 13 14 15 16 17 18 19 20 21 22 23 24 25 26 27 |
---------------+----------------------------------------------------------------------------------+-----
Armour         | 3 4 5 6 7 8 9 10 11 12 13 14 15 16 17 18 19 24 | 24.0
Axes           | 2 3 4 5 6 7 9 10 12 13 14 15 16 17 18 19 20 21 25 | 25.4
Shields        | 3 4 5 6 7 8 10 11 12 13 15 16 17 18 19 20 21 26 | 26.0
Fighting       | 4 5 6 7 8 9 11 12 13 14 15 16 17 18 19 20 25 | 25.7
Dodging        | 1 2 3 4 5 6 7 8 10 11 12 13 14 20 | 20.9
Stealth        | 1 2 3 4 5 6 |  6.0
Invocations    | 1 2 3 4 5 |  5.5
Translocations | 4 7 8 10 11 12 13 | 13.6
Spellcasting   | 1 5 7 9 |  9.9

Action                   |  1- 3 |  4- 6 |  7- 9 | 10-12 | 13-15 | 16-18 | 19-21 | 22-24 | 25-27 || total
-------------------------+-------+-------+-------+-------+-------+-------+-------+-------+-------++-------
Melee: War axe           |    78 |    85 |   135 |       |       |       |       |       |       ||   298
       Kick              |     2 |    22 |   114 |   264 |   741 |   449 |  1106 |  1413 |  4862 ||  8973
       Hand axe          |       |       |   244 |   836 |  2063 |  1946 |  1797 |  2421 |  6450 || 15757
       Broad axe         |       |       |       |     6 |    34 |       |       |       |  1019 ||  1059
       Headbutt          |       |       |       |       |       |       |       |       |    55 ||    55
Invok: Heroism           |       |       |       |     2 |    22 |    23 |     9 |     5 |    36 ||    97
       Finesse           |       |       |       |       |       |       |     4 |     2 |    17 ||    23
 Abil: Hurl Damnation    |       |       |       |       |       |       |       |     1 |     1 ||     2
       Stop Flying       |       |       |       |       |       |       |       |       |     1 ||     1
       Evoke Flight      |       |       |       |       |       |       |       |       |     1 ||     1
Evoke: Wand              |       |       |       |       |       |       |       |       |     1 ||     1
  Use: Scroll            |       |       |     7 |     2 |    19 |     7 |     7 |     3 |    30 ||    75
       Potion            |       |       |       |       |     4 |     3 |     1 |       |    29 ||    37
 Stab: Distracted        |       |       |       |     2 |     9 |    10 |    14 |     6 |    55 ||    96
       Sleeping          |       |       |       |       |     3 |       |       |       |       ||     3
       Petrified         |       |       |       |       |     7 |       |       |       |       ||     7
       Confused          |       |       |       |       |       |       |     2 |       |       ||     2
       Paralysed         |       |       |       |       |       |       |     1 |       |       ||     1
  Eat: Chunk             |     1 |     4 |    14 |    24 |    40 |    29 |    27 |    29 |    42 ||   210
       Ration            |       |       |       |       |     3 |     3 |     3 |     4 |    27 ||    40
Armor: Scale mail        |    44 |    60 |    14 |       |       |       |       |       |       ||   118
       Chain mail        |       |       |    94 |   124 |       |       |       |       |       ||   218
       Plate armour      |       |       |    50 |       |   212 |   524 |   368 |    26 |       ||  1180
       Swamp dragon scal |       |       |       |    84 |   150 |       |       |       |       ||   234
       Fire dragon scale |       |       |       |       |    27 |       |       |       |       ||    27
       Crystal plate arm |       |       |       |       |       |       |       |   301 |   866 ||  1167
Dodge: Dodged            |    22 |    32 |    38 |   128 |   355 |   224 |   291 |   432 |  1348 ||  2870
Block: Shield            |    29 |    46 |    99 |       |       |       |       |       |       ||   174
       Large shield      |       |       |    71 |   416 |  1000 |  1196 |  1009 |  1835 |  4946 || 10473
       Buckler           |       |       |       |       |     1 |       |       |       |       ||     1
       Reflection        |       |       |       |       |     7 |    77 |     5 |       |       ||    89

Table legend:
 A = Non-vault XP
 B = Vault XP
 C = Vault XP percentage of total XP
 D = Non-vault monster count
 E = Vault monster count
 F = Vault count percentage of total count
                 A         B        C        D         E       F
            +---------+---------+-------+---------+---------+-------
      Total | 1630218 | 1448052 |  47.0 |    3030 |    1565 |  34.1
            +---------+---------+-------+---------+---------+-------
        D:1 |       8 |       0 |   0.0 |       6 |       0 |   0.0
        D:2 |      68 |     210 |  75.5 |      25 |       2 |   7.4
        D:3 |     330 |     196 |  37.3 |      40 |      20 |  33.3
        D:4 |     263 |       0 |   0.0 |      15 |       0 |   0.0
        D:5 |     392 |     129 |  24.8 |      18 |       2 |  10.0
        D:6 |     582 |     567 |  49.3 |      16 |       4 |  20.0
        D:7 |    1230 |     587 |  32.3 |      30 |       9 |  23.1
        D:8 |     780 |    1220 |  61.0 |      15 |       6 |  28.6
        D:9 |     520 |     371 |  41.6 |      11 |       1 |   8.3
       D:10 |    1368 |     993 |  42.1 |      22 |      12 |  35.3
       D:11 |    1752 |       0 |   0.0 |      19 |       0 |   0.0
       D:12 |    2709 |    2124 |  43.9 |      20 |      23 |  53.5
       D:13 |    3571 |    1213 |  25.4 |      13 |       2 |  13.3
       D:14 |   10812 |    3139 |  22.5 |      37 |       5 |  11.9
       D:15 |   16473 |    8364 |  33.7 |      31 |       9 |  22.5
     Lair:1 |    5593 |       0 |   0.0 |      29 |       0 |   0.0
     Lair:2 |    5311 |    1609 |  23.3 |      31 |      15 |  32.6
     Lair:3 |    2579 |       0 |   0.0 |      14 |       0 |   0.0
     Lair:4 |    4270 |    6832 |  61.5 |      19 |      26 |  57.8
     Lair:5 |    4680 |    1635 |  25.9 |      16 |       3 |  15.8
     Lair:6 |    7426 |   11155 |  60.0 |      29 |      25 |  46.3
   Shoals:1 |    3111 |   10425 |  77.0 |       6 |      15 |  71.4
   Shoals:2 |   15675 |    7098 |  31.2 |      33 |       7 |  17.5
   Shoals:3 |   14371 |    5234 |  26.7 |      25 |      10 |  28.6
   Shoals:4 |   23771 |   26241 |  52.5 |      47 |      37 |  44.0
    Snake:1 |   12688 |       0 |   0.0 |      29 |       0 |   0.0
    Snake:2 |   23135 |       0 |   0.0 |      47 |       0 |   0.0
    Snake:3 |   14146 |    3452 |  19.6 |      27 |       3 |  10.0
    Snake:4 |   13601 |   40763 |  75.0 |      23 |      65 |  73.9
    Slime:1 |   11978 |       0 |   0.0 |      26 |       0 |   0.0
    Slime:2 |    6354 |       0 |   0.0 |      16 |       0 |   0.0
    Slime:3 |   17426 |       0 |   0.0 |      20 |       0 |   0.0
    Slime:4 |    9944 |    1906 |  16.1 |      24 |       1 |   4.0
    Slime:5 |   15304 |   28583 |  65.1 |      16 |      10 |  38.5
      Orc:1 |    1839 |       0 |   0.0 |      16 |       0 |   0.0
      Orc:2 |    5405 |   16619 |  75.5 |      65 |      93 |  58.9
      Elf:1 |   12014 |   17360 |  59.1 |      21 |      32 |  60.4
      Elf:2 |   22007 |   27477 |  55.5 |      36 |      34 |  48.6
      Elf:3 |    4884 |   31693 |  86.6 |      10 |      30 |  75.0
   Vaults:1 |   53406 |   18175 |  25.4 |     107 |      38 |  26.2
   Vaults:2 |   36534 |   26492 |  42.0 |      57 |      32 |  36.0
   Vaults:3 |   26809 |    9245 |  25.6 |      44 |      16 |  26.7
   Vaults:4 |   24467 |   32366 |  56.9 |      38 |      45 |  54.2
   Vaults:5 |   31113 |  163411 |  84.0 |      46 |      99 |  68.3
    Crypt:1 |   14327 |   37139 |  72.2 |      29 |       6 |  17.1
    Crypt:2 |   30099 |   11067 |  26.9 |      45 |      10 |  18.2
    Crypt:3 |       0 |   62303 | 100.0 |       0 |      81 | 100.0
     Tomb:1 |   17486 |  161233 |  90.2 |      54 |      58 |  51.8
     Tomb:2 |    4975 |   51966 |  91.3 |      14 |      37 |  72.5
     Tomb:3 |   10210 |   97122 |  90.5 |      19 |      83 |  81.4
   Depths:1 |   22659 |    6179 |  21.4 |      31 |      17 |  35.4
   Depths:2 |   29168 |   25062 |  46.2 |      47 |      19 |  28.8
   Depths:3 |   43232 |   41193 |  48.8 |      55 |      34 |  38.2
   Depths:4 |       0 |   94281 | 100.0 |       0 |      83 | 100.0
   Depths:5 |   23197 |   32510 |  58.4 |      25 |      49 |  66.2
       Hell |   35671 |   31707 |  47.1 |      58 |      52 |  47.3
      Dis:1 |    3848 |       0 |   0.0 |       7 |       0 |   0.0
      Dis:2 |   26125 |       0 |   0.0 |      52 |       0 |   0.0
      Dis:3 |   48734 |   16187 |  24.9 |      83 |      56 |  40.3
      Dis:4 |   19887 |       0 |   0.0 |      31 |       0 |   0.0
      Dis:5 |    4006 |       0 |   0.0 |      13 |       0 |   0.0
      Dis:6 |    2660 |       0 |   0.0 |       7 |       0 |   0.0
      Dis:7 |     867 |       0 |   0.0 |       3 |       0 |   0.0
      Geh:1 |   56854 |       0 |   0.0 |     123 |       0 |   0.0
      Geh:2 |    9759 |       0 |   0.0 |      20 |       0 |   0.0
      Geh:3 |    6089 |       0 |   0.0 |      10 |       0 |   0.0
      Geh:4 |   37253 |       0 |   0.0 |      76 |       0 |   0.0
      Geh:5 |   28044 |    6763 |  19.4 |      41 |       6 |  12.8
      Geh:6 |   35182 |       0 |   0.0 |      75 |       0 |   0.0
      Geh:7 |   81436 |   66760 |  45.0 |     151 |      42 |  21.8
      Coc:1 |     563 |       0 |   0.0 |       3 |       0 |   0.0
      Coc:2 |    9709 |       0 |   0.0 |      16 |       0 |   0.0
      Coc:3 |   14336 |       0 |   0.0 |       9 |       0 |   0.0
      Coc:4 |    1160 |       0 |   0.0 |       7 |       0 |   0.0
      Coc:5 |   14546 |       0 |   0.0 |      26 |       0 |   0.0
      Coc:6 |   53320 |       0 |   0.0 |      82 |       0 |   0.0
      Coc:7 |  119043 |   75938 |  38.9 |     108 |      58 |  34.9
      Tar:1 |    6801 |       0 |   0.0 |      14 |       0 |   0.0
      Tar:2 |   20873 |       0 |   0.0 |      21 |       0 |   0.0
      Tar:3 |   39143 |       0 |   0.0 |      43 |       0 |   0.0
      Tar:4 |   39746 |       0 |   0.0 |      64 |       0 |   0.0
      Tar:5 |   15804 |       0 |   0.0 |      12 |       0 |   0.0
      Tar:6 |    6350 |       0 |   0.0 |      11 |       0 |   0.0
      Tar:7 |  101470 |  103343 |  50.5 |     115 |      69 |  37.5
      Zot:1 |    3069 |       0 |   0.0 |       1 |       0 |   0.0
    Abyss:1 |    9793 |    3180 |  24.5 |       9 |       2 |  18.2
    Abyss:2 |   31017 |       0 |   0.0 |      47 |       0 |   0.0
    Abyss:3 |    2197 |       0 |   0.0 |       1 |       0 |   0.0
    Abyss:4 |    5510 |    9105 |  62.3 |      11 |      12 |  52.2
    Abyss:5 |   73301 |     970 |   1.3 |     126 |       2 |   1.6
      IceCv |       0 |    5746 | 100.0 |       0 |      54 | 100.0
    Volcano |       0 |    1414 | 100.0 |       0 |       4 | 100.0
            +---------+---------+-------+---------+---------+-------
